Workbook
Name __AD1: #REF!
Name __AD1: #REF!
Name __D3: #REF!
Name __D3: #REF!
Name __DAT1: #REF!
Name __DAT1: #REF!
Name __DAT10: #REF!
Name __DAT10: #REF!
Name __DAT11: #REF!
Name __DAT11: #REF!
Name __DAT12: #REF!
Name __DAT12: #REF!
Name __DAT2: #REF!
Name __DAT2: #REF!
Name __DAT3: #REF!
Name __DAT3: #REF!
Name __DAT4: #REF!
Name __DAT4: #REF!
Name __DAT5: #REF!
Name __DAT5: #REF!
Name __DAT6: #REF!
Name __DAT6: #REF!
Name __DAT7: #REF!
Name __DAT7: #REF!
Name __DAT8: #REF!
Name __DAT8: #REF!
Name __DAT9: #REF!
Name __DAT9: #REF!
Name __T1: #REF!
Name __T1: #REF!
Name __T2: #REF!
Name __T2: #REF!
Name __T5: #REF!
Name __T5: #REF!
Name _1P68: #REF!
Name _1P68: #REF!
Name _2013PR_SEC95: #N/A
Name _2P68: #REF!
Name _2P68: #REF!
Name _AD1: #REF!
Name _AD1: #REF!
Name _D3: #REF!
Name _D3: #REF!
Name _DAT1: #REF!
Name _DAT1: #REF!
Name _DAT10: #REF!
Name _DAT10: #REF!
Name _DAT11: #REF!
Name _DAT11: #REF!
Name _DAT12: #REF!
Name _DAT12: #REF!
Name _DAT13: #REF!
Name _DAT13: #REF!
Name _DAT14: #REF!
Name _DAT14: #REF!
Name _DAT2: #REF!
Name _DAT2: #REF!
Name _DAT3: #REF!
Name _DAT3: #REF!
Name _DAT4: #REF!

Sheet G1
A1: Recettes | F1: Solde | G1: Dépenses
A2: Niveau 2 - recettes | B2: Mds€ | C2: Niveau 1 - recettes | D2: Mds€ | G2: Niveau 1 | H2: Mds€ | I2: Niveau 2 | J2: Mds€
A3: TVA | B3: 207.8 | C3: Prélèvements sur la consommation | D3: =SUM(B3:B6) -> 309.754 | E3: =SUM(D3:D14) -> 1253.878 | F3: Ensemble des recettes publiques | G3: Protection sociale | H3: 947.477 | I3: Vieillesse | J3: 432.562 | L3: =J3/H$40 -> 0.25861653
A4: Taxes consommation d'énergie | B4: 39.139 | I4: Santé, maladie, invalidité | J4: 338.347 | L4: =J4/H$40 -> 0.20228805
A5: Fiscalité nutritionnelle | B5: 18.355 | I5: Autre Protection sociale | J5: 176.568 | L5: =J5/H$40 -> 0.10556499
A6: Autre | B6: 44.46 | G6: Enseignement | H6: 148.6 | L6: =J6/H$40 -> 0
A7: Cotisations sociales - salariés | B7: 103.776 | C7: Prélèvements sur le revenu des ménages | D7: =SUM(B7:B10) -> 353.271 | G7: Soutien aux activités économiques | H7: 144.644 | I7: Transports | J7: 60.689 | L7: =J7/H$40 -> 0.036284228
A8: CSG | B8: 153.131 | I8: Energie | J8: 15.461 | L8: =J8/H$40 -> 0.0092436925
A9: IR | B9: 96.163 | I9: Autres branches d'activité | J9: 68.494 | L9: =J9/H$40 -> 0.040950616
A10: Autre | B10: 0.201 | G10: Sécurité | H10: 106.3 | I10: Défense | J10: 54.2 | L10: =J10/H$40 -> 0.032404639
A11: Cotisations sociales - employeurs | B11: 328.624 | C11: Prélèvements sur les sociétés | D11: =SUM(B11:B13) -> 499.767 | I11: Ordre et sécurité intérieurs | J11: 52.1 | L11: =J11/H$40 -> 0.031149109
A12: Impôt sur les sociétés (IS) | B12: 67.998 | G12: Services publics généraux | H12: 102.349 | L12: =H12/H$40 -> 0.061191558
A13: Autres impôts sur la production | B13: 103.145 | G13: Charge d'intérêts sur la dette publique | H13: 58.87 | L13: =H13/H$40 -> 0.0351967
C14: Prélèvements sur le capital | D14: 91.086 | G14: Appuis à la recherche | H14: 51.466 | I14: Recherche fondamentale | J14: 19.881 | L14: =J14/H$40 -> 0.011886285
C15: Recettes non fiscales | E15: =F40-E3-E16 -> 146.722 | I15: R & D | J15: 31.585 | L15: =J15/H$40 -> 0.018883774
C16: Autres recettes | E16: 102.9 | G16: Autre | H16: =H40-SUM(H3:H15) -> 112.894 | L16: =H16/H$40 -> 0.067496114
C17: Besoins de financement | E17: =SUM(H3:H16)-SUM(E3:E16) -> 169.1 | F17: Deficit
A19: Recettes | F19: Solde | G19: Dépenses
A20: Niveau 2 - recettes | B20: % PIB | C20: Niveau 1 - recettes | D20: % PIB | G20: Niveau 1 | H20: % PIB | I20: Niveau 2 | J20: % PIB
A21: TVA | B21: =B3/$F$48 -> 0.070794989 | C21: Prélèvements sur la consommation | D21: =D3/$F$48 -> 0.1055295 | E21: =SUM(D21:D32) -> 0.42718132 | F21: Ensemble des recettes publiques | G21: Protection sociale | H21: =H3/$F$48 -> 0.32279415 | I21: Vieillesse | J21: =J3/$F$48 -> 0.14736873
A22: Taxes consommation d'énergie | B22: =B4/$F$48 -> 0.013334192 | I22: Santé, maladie, invalidité | J22: =J4/$F$48 -> 0.1152708
A23: Fiscalité nutritionnelle | B23: =B5/$F$48 -> 0.0062533302 | I23: Autre Protection sociale | J23: =J5/$F$48 -> 0.060154618
A24: Autre | B24: =B6/$F$48 -> 0.015146993 | G24: Enseignement | H24: =H6/$F$48 -> 0.050626253
A25: Cotisations sociales - salariés | B25: =B7/$F$48 -> 0.035355249 | C25: Prélèvements sur le revenu des ménages | D25: =D7/$F$48 -> 0.12035523 | G25: Soutien aux activités économiques | H25: =H7/$F$48 -> 0.049278491 | I25: Transports | J25: =J7/$F$48 -> 0.020676021
A26: CSG | B26: =B8/$F$48 -> 0.052169911 | I26: Energie | J26: =J8/$F$48 -> 0.0052673788
A27: IRPP | B27: =B9/$F$48 -> 0.032761591 | I27: Autres branches d'activité | J27: =J9/$F$48 -> 0.023335091
A28: Autre | B28: =B10/$F$48 -> 6.847831e-05 | G28: Sécurité | H28: =H10/$F$48 -> 0.036215146 | I28: Défense | J28: =J10/$F$48 -> 0.018465295
A29: Cotisations sociales - employeurs | B29: =B11/$F$48 -> 0.11195829 | C29: Prélèvements sur les sociétés | D29: =D11/$F$48 -> 0.17026467 | I29: Ordre et sécurité intérieurs | J29: =J11/$F$48 -> 0.01774985
A30: Impôt sur les sociétés (IS) | B30: =B12/$F$48 -> 0.02316611 | G30: Services publics généraux | H30: =H12/$F$48 -> 0.034869087
A31: Autres impôts sur la production | B31: =B13/$F$48 -> 0.035140275 | G31: Charge d'intérêts sur la dette publique | H31: =H13/$F$48 -> 0.020056309
C32: Prélèvements sur le capital | D32: =D14/$F$48 -> 0.031031917 | G32: Appuis à la recherche | H32: =H14/$F$48 -> 0.017533854 | I32: Recherche fondamentale | J32: =J14/$F$48 -> 0.0067732203
C33: Recettes non fiscales | E33: =E15/$F$48 -> 0.049986441 | I33: R & D | J33: =J15/$F$48 -> 0.010760634
C34: Autres recettes | E34: =E16/$F$48 -> 0.035056806 | G34: Autre | H34: =H16/$F$48 -> 0.038461643
C35: Besoins de financement | E35: =E17/$F$48 -> 0.057610359 | F35: Deficit
B40: Total recettes | F40: 1503.5 | G40: =H40-F40 -> 169.1 | H40: 1672.6
F42: 1400.6
B44: Source | C44: https://www.insee.fr/fr/outil-interactif/5367857/tableau/10_ECC/15_FIN
E48: PIB | F48: =2935236/1000 -> 2935.236

Sheet G2a
A1: Pays | B1: Unité | C1: Charge d'intérêts | D1: Solde primaire | E1: Solde total
A2: Norvège | B2: % PIB | C2: -4.0456997 | D2: 16.7457 | E2: 12.7
A3: Chypre | B3: % PIB | C3: -1.1 | D3: 4.5 | E3: 3.4
A4: Danemark | B4: % PIB | C4: -0.8 | D4: 3.7 | E4: 2.9
A5: Irlande | B5: % PIB | C5: -0.5 | D5: 2.2 | E5: 1.8
A6: Grèce | B6: % PIB | C6: -3.2 | D6: 4.9 | E6: 1.7
A7: Portugal | B7: % PIB | C7: -1.9 | D7: 2.6 | E7: 0.7
A8: Suisse | B8: % PIB | C8: -0.32273661 | D8: 0.92273661 | E8: 0.6
A9: Canada | B9: % PIB | C9: -3.4585614 | D9: 2.631096 | E9: -0.82746536
A10: Japon | B10: % PIB | C10: -1.5409462 | D10: 0.59799582 | E10: -0.94295042
A11: Suède | B11: % PIB | C11: -0.6 | D11: -0.7 | E11: -1.3
A12: Pays-Bas | B12: % PIB | C12: -0.7 | D12: -0.9 | E12: -1.6
A13: Lituanie | B13: % PIB | C13: -0.9 | D13: -0.9 | E13: -1.8
... A26: Bulgarie | B26: % PIB | C26: -0.8 | D26: -2.8 | E26: -3.5
A27: Pays G7 | C27: -2.7471317 | D27: -0.91321455 | E27: -3.674632
A28: Islande | B28: % PIB | C28: -4.7562294 | D28: 1.0562294 | E28: -3.7
A29: Autriche | B29: % PIB | C29: -1.6 | D29: -2.6 | E29: -4.2
A30: Slovaquie | B30: % PIB | C30: -1.5 | D30: -2.9 | E30: -4.5
A31: Hongrie | B31: % PIB | C31: -3.8 | D31: -0.9 | E31: -4.7
A32: France | B32: % PIB | C32: -2.2 | D32: -2.9 | E32: -5.1
A33: Belgique | B33: % PIB | C33: -2.2 | D33: -3 | E33: -5.2
A34: Royaume-Uni | B34: % PIB | C34: -2.9697063 | D34: -3.5361413 | E34: -6.5058476
A35: États-Unis | B35: % PIB | C35: -4.0607079 | D35: -2.4854523 | E35: -6.5461603
A36: Pologne | B36: % PIB | C36: -2.5 | D36: -4.8 | E36: -7.3
A37: Roumanie | B37: % PIB | C37: -2.8 | D37: -5.1 | E37: -7.9
A40: Note
B41: Données 2024

Sheet G2b
A1: Pays | B1: Année | C1: Unité | D1: Recettes totales | E1: Recettes fiscales | F1: Autres recettes
A2: Irlande | B2: 2024 | C2: % PIB | D2: 26.5 | E2: 21.6 | F2: 4.9
A3: États-Unis | B3: 2024 | C3: % PIB | D3: 29.783564 | E3: 25.618333 | F3: 4.1652313
A4: Malte | B4: 2024 | C4: % PIB | D4: 33.8 | E4: 28.8 | F4: 5
A5: Roumanie | B5: 2024 | C5: % PIB | D5: 34 | E5: 27.9 | F5: 6.1
A6: Suisse | B6: 2024 | C6: % PIB | D6: 34.2 | E6: 27.7 | F6: 6.5
A7: Bulgarie | B7: 2024 | C7: % PIB | D7: 36.1 | E7: 30.3 | F7: 5.8
A8: Lituanie | B8: 2024 | C8: % PIB | D8: 38.1 | E8: 32.8 | F8: 5.3
A9: Royaume-Uni | B9: 2024 | C9: % PIB | D9: 38.326244 | E9: 34.366806 | F9: 3.959438
A10: Japon | B10: 2023 | C10: % PIB | D10: 38.746224 | E10: 33.733304 | F10: 5.0129199
A11: Rep. tchèque | B11: 2024 | C11: % PIB | D11: 41.2 | E11: 34.8 | F11: 6.4
A12: Pays G7 | B12: 2024 | C12: % PIB | D12: 42.091755 | E12: 36.443633 | F12: 5.6481215
A13: Hongrie | B13: 2024 | C13: % PIB | D13: 42.2 | E13: 35.1 | F13: 7.1
... A19: Islande | B19: 2024 | C19: % PIB | D19: 43.4 | E19: 36.9 | F19: 6.5
A20: Portugal | D20: 43.4 | E20: 35.3 | F20: 8.1
A21: Lettonie | B21: 2024 | C21: % PIB | D21: 43.5 | E21: 34.7 | F21: 8.8
A22: Slovaquie | B22: 2025 | C22: % PIB | D22: 43.5 | E22: 36.3 | F22: 7.2
A23: Pays-Bas | B23: 2024 | C23: % PIB | D23: 43.6 | E23: 38.6 | F23: 5
A24: Slovénie | B24: 2024 | C24: % PIB | D24: 45.6 | E24: 38.3 | F24: 7.3
A25: UE27 | B25: 2024 | C25: % PIB | D25: 46 | E25: 39.2 | F25: 6.8
A26: Croatie | B26: 2024 | C26: % PIB | D26: 46.1 | E26: 38.3 | F26: 7.8
A27: Allemagne | B27: 2024 | C27: % PIB | D27: 46.8 | E27: 39.4 | F27: 7.4
A28: Luxembourg | B28: 2025 | C28: % PIB | D28: 47.1 | E28: 40.9 | F28: 6.2
A29: Italie | B29: 2025 | C29: % PIB | D29: 48.1 | E29: 42.8 | F29: 5.3
A30: Suède | B30: 2025 | C30: % PIB | D30: 48.6 | E30: 40.9 | F30: 7.7
A31: Belgique | B31: 2025 | C31: % PIB | D31: 49 | E31: 41.8 | F31: 7.2
A32: Grèce | B32: 2024 | C32: % PIB | D32: 49.4 | E32: 39.9 | F32: 9.5
... A37: Norvège | B37: 2025 | C37: % PIB | D37: 59.9 | E37: 38.7 | F37: 21.2
A39: Données 2024

Sheet G3a
A1: Pays | B1: Classification HCSP | C1: Année | D1: Unité | E1: Niveaux (axe de gauche)
A2: Irlande | B2: Dépenses primaires | C2: 2025 | D2: % PIB | E2: 20.5
A3: États-Unis | B3: Dépenses primaires | C3: 2025 | D3: % PIB | E3: 33.139398
A4: Suisse | B4: Dépenses primaires | C4: 2024 | D4: % PIB | E4: 33.277263
A5: Malte | B5: Dépenses primaires | C5: 2025 | D5: % PIB | E5: 35.8
A6: Japon | B6: Dépenses primaires | C6: 2024 | D6: % PIB | E6: 38.148228
A7: Chypre | B7: Dépenses primaires | C7: 2025 | D7: % PIB | E7: 39.1
A8: Lituanie | B8: Dépenses primaires | C8: 2025 | D8: % PIB | E8: 40.3
A9: Canada | B9: Dépenses primaires | C9: 2025 | D9: % PIB | E9: 40.411055
A10: Roumanie | B10: Dépenses primaires | C10: 2025 | D10: % PIB | E10: 40.5
A11: Portugal | B11: Dépenses primaires | C11: 2025 | D11: % PIB | E11: 40.8
A12: Bulgarie | B12: Dépenses primaires | C12: 2025 | D12: % PIB | E12: 40.9
A13: Royaume-Uni | B13: Dépenses primaires | C13: 2024 | D13: % PIB | E13: 41.862385
... A17: Hongrie | B17: Dépenses primaires | C17: 2025 | D17: % PIB | E17: 43.5
A18: Pays G7 | E18: 43.608724
A19: Norvège | B19: Dépenses primaires | C19: 2024 | D19: % PIB | E19: 43.7543
A20: Pays-Bas | B20: Dépenses primaires | C20: 2025 | D20: % PIB | E20: 44.2
A21: Estonie | B21: Dépenses primaires | C21: 2025 | D21: % PIB | E21: 44.9
A22: Lettonie | B22: Dépenses primaires | C22: 2025 | D22: % PIB | E22: 45
A23: Grèce | B23: Dépenses primaires | C23: 2025 | D23: % PIB | E23: 45.1
A24: Slovaquie | B24: Dépenses primaires | C24: 2025 | D24: % PIB | E24: 46.4
A25: Danemark | B25: Dépenses primaires | C25: 2025 | D25: % PIB | E25: 47.2
A26: Italie | B26: Dépenses primaires | C26: 2025 | D26: % PIB | E26: 47.3
A27: UE27 | B27: Dépenses primaires | C27: 2025 | D27: % PIB | E27: 47.6
A28: Slovénie | B28: Dépenses primaires | C28: 2025 | D28: % PIB | E28: 48.3
A29: Pologne | B29: Dépenses primaires | C29: 2025 | D29: % PIB | E29: 48.4
A30: Croatie | B30: Dépenses primaires | C30: 2025 | D30: % PIB | E30: 48.7
... A37: Finlande | B37: Dépenses primaires | C37: 2025 | D37: % PIB | E37: 55.9

Sheet G3b
A1: Pays | B1: Classification HCSP | C1: Année | D1: Unité | E1: Depenses primaires
A2: Bulgarie | B2: Dépenses primaires | C2: 2025 | D2: Pc PPP | E2: 17023.662
A3: Roumanie | B3: Dépenses primaires | C3: 2025 | D3: Pc PPP | E3: 19514.504
A4: Lettonie | B4: Dépenses primaires | C4: 2025 | D4: Pc PPP | E4: 19560.818
A5: Grèce | B5: Dépenses primaires | C5: 2025 | D5: Pc PPP | E5: 20298.294
A6: Portugal | B6: Dépenses primaires | C6: 2025 | D6: Pc PPP | E6: 20532.932
A7: Japon | B7: Dépenses primaires | C7: 2024 | D7: Pc PPP | E7: 20873.509
A8: Hongrie | B8: Dépenses primaires | C8: 2025 | D8: Pc PPP | E8: 21028.786
A9: Slovaquie | B9: Dépenses primaires | C9: 2025 | D9: Pc PPP | E9: 22133.345
A10: Estonie | B10: Dépenses primaires | C10: 2025 | D10: Pc PPP | E10: 22216.288
A11: Lituanie | B11: Dépenses primaires | C11: 2025 | D11: Pc PPP | E11: 23297.161
A12: Espagne | B12: Dépenses primaires | C12: 2025 | D12: Pc PPP | E12: 24782.254
A13: Croatie | B13: Dépenses primaires | C13: 2025 | D13: Pc PPP | E13: 25115.363
... A21: États-Unis | B21: Dépenses primaires | C21: 2025 | D21: Pc PPP | E21: 29360.017
A22: Pays G7 | D22: Pc PPP | E22: 29659.205
A23: Italie | B23: Dépenses primaires | C23: 2025 | D23: Pc PPP | E23: 30049.797
A24: UE27 | B24: Dépenses primaires | C24: 2025 | D24: Pc PPP | E24: 30623.496
A25: Irlande | B25: Dépenses primaires | C25: 2025 | D25: Pc PPP | E25: 31611.632
A26: Suisse | B26: Dépenses primaires | C26: 2024 | D26: Pc PPP | E26: 32544.632
A27: Islande | B27: Dépenses primaires | C27: 2024 | D27: Pc PPP | E27: 33295.804
A28: France | B28: Dépenses primaires | C28: 2025 | D28: Pc PPP | E28: 36420.092
A29: Allemagne | B29: Dépenses primaires | C29: 2025 | D29: Pc PPP | E29: 36542.64
A30: Suède | B30: Dépenses primaires | C30: 2025 | D30: Pc PPP | E30: 36827.193
A31: Finlande | B31: Dépenses primaires | C31: 2025 | D31: Pc PPP | E31: 36907.357
A32: Pays-Bas | B32: Dépenses primaires | C32: 2025 | D32: Pc PPP | E32: 37430.735
A33: Belgique | B33: Dépenses primaires | C33: 2025 | D33: Pc PPP | E33: 39616.45
A34: Autriche | B34: Dépenses primaires | C34: 2025 | D34: Pc PPP | E34: 40550.955
... A37: Luxembourg | B37: Dépenses primaires | C37: 2025 | D37: Pc PPP | E37: 74661.228

Sheet G4a
A1: Pays | B1: Année | C1: Pc PPP
A2: États-Unis | C2: 0
A3: Canada | B3: 2024 | C3: 6970.3242
A4: Islande | C4: 10191.33
A5: Lettonie | C5: 11852.198
A6: Hongrie | C6: 13158.748
A7: Bulgarie | C7: 13836.072
A8: Estonie | C8: 14236.13
A9: Lituanie | C9: 14523.329
A10: Croatie | C10: 15154.617
A11: Japon | C11: 17494.734
A12: Pays-Bas | C12: 18102.957
A13: Roumanie | C13: 18179.335
A14: Slovaquie | C14: 18328.281
A15: Rep. Tchèque | C15: 18569.877
... A37: Luxembourg | C37: 72441.328

Sheet G4b
A1: Pays | C1: PPP - Santé
A2: Bulgarie | B2: 2024 | C2: 2465.6829
A3: Hongrie | B3: 2024 | C3: 3008.83
A4: Grèce | B4: 2024 | C4: 3030.2251
A5: Roumanie | B5: 2024 | C5: 3039.9556
A6: Lettonie | B6: 2024 | C6: 3410.676
A7: Portugal | B7: 2024 | C7: 3739.9439
A8: Estonie | B8: 2024 | C8: 3837.955
A9: Chypre | B9: 2024 | C9: 4093.2511
A10: Pologne | B10: 2024 | C10: 4191.9076
A11: Malte | B11: 2024 | C11: 4241.7142
A12: Japon | B12: 2024 | C12: 4620.4005
A13: Slovaquie | B13: 2024 | C13: 4658.7782
... A36: Norvège | B36: 2024 | C36: 13840.31

Sheet G4c
A1: Pays | C1: PPP - autre
A2: Grèce | B2: 2024 | C2: 993.62018
A3: Roumanie | B3: 2024 | C3: 1093.227
A4: Bulgarie | B4: 2024 | C4: 1143.032
A5: Lettonie | B5: 2024 | C5: 1147.7673
A6: Croatie | B6: 2024 | C6: 1181.2224
A7: Hongrie | B7: 2024 | C7: 1355.5577
A8: Rep. Tchèque | B8: 2024 | C8: 1456.2982
A9: Malte | B9: 2024 | C9: 1529.8924
A10: Portugal | B10: 2024 | C10: 1674.4665
A11: Chypre | B11: 2024 | C11: 1713.7305
A12: Slovénie | B12: 2024 | C12: 1759.1136
A13: Japon | B13: 2024 | C13: 1762.2744
... A36: Luxembourg | B36: 2024 | C36: 9239.4267

Sheet G5a
A1: Source | B1: Pays | C1: Classification HCSP | D1: Code | E1: Unité | F1: 2000 | G1: 2001 | H1: 2002 | I1: 2003 | J1: 2004 | K1: 2005 | L1: 2006 | M1: 2007 | N1: 2008 | O1: 2009 | P1: 2010 | Q1: 2011 | R1: 2012 | S1: 2013 | T1: 2014 | U1: 2015 | V1: 2016 | W1: 2017 | X1: 2018 | Y1: 2019 | Z1: 2020 | AA1: 2021 | AB1: 2022 | AC1: 2023 | AD1: 2024 | AE1: 2025 | AG1: 2025
A2: Eurostat 2026 | B2: Estonie | C2: Total | D2: Gross Public debt - General government | E2: % PIB | F2: 5.1 | G2: 4.9 | H2: 5.7 | I2: 5.6 | J2: 5.2 | K2: 4.7 | L2: 4.7 | M2: 3.9 | N2: 4.7 | O2: 8 | P2: 8 | Q2: 7.6 | R2: 11.1 | S2: 11.4 | T2: 11.6 | U2: 10.8 | V2: 10.2 | W2: 9.4 | X2: 8.5 | Y2: 9 | Z2: 19.1 | AA2: 18.4 | AB2: 19.2 | AC2: 20.2 | AD2: 23.5 | AE2: 24.1 | AG2: 24.1
A3: Eurostat 2026 | B3: Luxembourg | C3: Total | D3: Gross Public debt - General government | E3: % PIB | F3: 7.5 | G3: 7.6 | H3: 7.4 | I3: 7.4 | J3: 7.8 | K3: 8 | L3: 8.2 | M3: 8.1 | N3: 14.6 | O3: 15.3 | P3: 19.1 | Q3: 18.5 | R3: 20.8 | S3: 22.4 | T3: 21.9 | U3: 21.1 | V3: 19.6 | W3: 21.8 | X3: 20.9 | Y3: 22.3 | Z3: 24.5 | AA3: 24.2 | AB3: 24.9 | AC3: 24.7 | AD3: 26.3 | AE3: 26.5 | AG3: 26.5
A4: Eurostat 2026 | B4: Danemark | C4: Total | D4: Gross Public debt - General government | E4: % PIB | F4: 53.6 | G4: 50.1 | H4: 50.3 | I4: 48.2 | J4: 46.2 | K4: 39.4 | L4: 33.2 | M4: 29.5 | N4: 35.5 | O4: 43 | P4: 46.1 | Q4: 50 | R4: 48.7 | S4: 47.8 | T4: 48.7 | U4: 44.6 | V4: 41.7 | W4: 40.2 | X4: 38.5 | Y4: 38.3 | Z4: 45.2 | AA4: 39.6 | AB4: 33.3 | AC4: 33 | AD4: 30.5 | AE4: 27.9 | AG4: 27.9
A5: Eurostat 2026 | B5: Bulgarie | C5: Total | D5: Gross Public debt - General government | E5: % PIB | F5: 70.7 | G5: 64.5 | H5: 51 | I5: 43.4 | J5: 35.7 | K5: 26.6 | L5: 20.9 | M5: 16.3 | N5: 13 | O5: 13.7 | P5: 15.3 | Q5: 15.2 | R5: 16.6 | S5: 17 | T5: 27 | U5: 25.9 | V5: 29.1 | W5: 25.1 | X5: 22.2 | Y5: 20.1 | Z5: 24.5 | AA5: 23.8 | AB5: 22.5 | AC5: 22.9 | AD5: 23.8 | AE5: 29.9 | AG5: 29.9
A6: Eurostat 2026 | B6: Irlande | C6: Total | D6: Gross Public debt - General government | E6: % PIB | F6: 36.4 | G6: 33.6 | H6: 30.9 | I6: 29.8 | J6: 28 | K6: 26.1 | L6: 23.7 | M6: 23.9 | N6: 42.5 | O6: 61.8 | P6: 86.2 | Q6: 109.6 | R6: 118.9 | S6: 117.7 | T6: 101.4 | U6: 74 | V6: 72.7 | W6: 65.2 | X6: 61.3 | Y6: 55.8 | Z6: 56.9 | AA6: 52.4 | AB6: 43 | AC6: 41.8 | AD6: 38.3 | AE6: 32.9 | AG6: 32.9
A7: Eurostat 2026 | B7: Suède | C7: Total | D7: Gross Public debt - General government | E7: % PIB | F7: 50.4 | G7: 52 | H7: 49.8 | I7: 49.5 | J7: 48.7 | K7: 49 | L7: 43.9 | M7: 39.3 | N7: 38 | O7: 41.3 | P7: 38.7 | Q7: 37.8 | R7: 38.1 | S7: 41.2 | T7: 46.1 | U7: 44.8 | V7: 43.2 | W7: 41.9 | X7: 40.2 | Y7: 36 | Z7: 40.5 | AA7: 37.2 | AB7: 34.4 | AC7: 32.2 | AD7: 34.2 | AE7: 35.1 | AG7: 35.1
A8: IMF - WEO April 2026 | B8: Suisse | C8: Total | D8: Gross Public debt - General government | E8: % PIB | F8: 51.656 | G8: 50.453 | H8: 56.867 | I8: 56.185 | J8: 57.06 | K8: 54.088 | L8: 47.75 | M8: 44.01 | N8: 44.226 | O8: 42.366 | P8: 40.699 | Q8: 41.237 | R8: 41.857 | S8: 41.222 | T8: 41.244 | U8: 41.44 | V8: 40.302 | W8: 41.081 | X8: 38.962 | Y8: 38.831 | Z8: 42.383 | AA8: 39.742 | AB8: 35.899 | AC8: 37.271 | AD8: 40.493 | AE8: 39.418 | AG8: 39.418
A9: Eurostat 2026 | B9: Lituanie | C9: Total | D9: Gross Public debt - General government | E9: % PIB | F9: 23.5 | G9: 22.9 | H9: 22.1 | I9: 20.4 | J9: 18.6 | K9: 17.6 | L9: 17.3 | M9: 15.9 | N9: 14.6 | O9: 27.9 | P9: 36.7 | Q9: 37.4 | R9: 39.9 | S9: 38.9 | T9: 40.7 | U9: 42.4 | V9: 39.8 | W9: 39.1 | X9: 33.3 | Y9: 35.6 | Z9: 45.9 | AA9: 43.3 | AB9: 38.3 | AC9: 37.1 | AD9: 38 | AE9: 39.5 | AG9: 39.5
A10: Eurostat 2026 | B10: Rep. Tchèque | C10: Total | D10: Gross Public debt - General government | E10: % PIB | F10: 16.9 | G10: 22.6 | H10: 25.7 | I10: 28.1 | J10: 28.3 | K10: 27.7 | L10: 27.6 | M10: 27.3 | N10: 28.2 | O10: 33.4 | P10: 36.7 | Q10: 39.4 | R10: 43.8 | S10: 44.1 | T10: 41.5 | U10: 39.5 | V10: 36.2 | W10: 33.8 | X10: 31.7 | Y10: 29.6 | Z10: 36.9 | AA10: 40.7 | AB10: 42.5 | AC10: 42.2 | AD10: 43.3 | AE10: 44.3 | AG10: 44.3
A11: Eurostat 2026 | B11: Pays-Bas | C11: Total | D11: Gross Public debt - General government | E11: % PIB | F11: 52.2 | G11: 49.5 | H11: 48.8 | I11: 49.9 | J11: 50.2 | K11: 49.6 | L11: 45 | M11: 42.8 | N11: 54.3 | O11: 56.3 | P11: 58.9 | Q11: 61.2 | R11: 65.7 | S11: 67.2 | T11: 67.2 | U11: 63.8 | V11: 60.9 | W11: 56 | X11: 51.6 | Y11: 47.7 | Z11: 53.4 | AA11: 50.5 | AB11: 48.4 | AC11: 45.8 | AD11: 43.8 | AE11: 44.4 | AG11: 44.4
A12: IMF - WEO April 2026 | B12: Norvège | C12: Total | D12: Gross Public debt - General government | E12: % PIB | F12: 28.809 | G12: 27.335 | H12: 34.041 | I12: 43.114 | J12: 43.764 | K12: 42.131 | L12: 52.157 | M12: 48.887 | N12: 46.825 | O12: 41.717 | P12: 42.065 | Q12: 28.946 | R12: 30.166 | S12: 30.574 | T12: 28.8 | U12: 33.2 | V12: 36.656 | W12: 36.912 | X12: 38.068 | Y12: 39.006 | Z12: 44.266 | AA12: 40.121 | AB12: 34.829 | AC12: 42.438 | AD12: 52.818 | AE12: 45 | AG12: 45
... A32: Eurostat 2026 | B32: France | C32: Total | D32: Gross Public debt - General government | E32: % PIB | F32: 59.7 | G32: 59.3 | H32: 61.3 | I32: 65.4 | J32: 66.9 | K32: 68.2 | L32: 65.4 | M32: 65.5 | N32: 69.8 | O32: 84.1 | P32: 86.3 | Q32: 88.7 | R32: 91.7 | S32: 94.6 | T32: 96.2 | U32: 97 | V32: 98.1 | W32: 98.8 | X32: 98.5 | Y32: 98.2 | Z32: 114.9 | AA32: 112.8 | AB32: 111.4 | AC32: 109.5 | AD32: 112.6 | AE32: 115.6 | AG32: 115.7
B33: Pays G7 | F33: 77.347333 | G33: 74.644857 | H33: 76.061286 | I33: 77.936 | J33: 80.490286 | K33: 81.745857 | L33: 80.934143 | M33: 79.750571 | N33: 84.167429 | O33: 96.972286 | P33: 102.83186 | Q33: 106.03443 | R33: 109.90229 | S33: 111.83314 | T33: 112.33614 | U33: 112.60143 | V33: 112.83986 | W33: 111.87429 | X33: 111.602 | Y33: 111.56543 | Z33: 131.63914 | AA33: 127.18357 | AB33: 123.17543 | AC33: 121.415 | AD33: 122.311 | AE33: 123.20471 | AG33: 123.20471
A34: IMF - WEO April 2026 | B34: États-Unis | C34: Total | D34: Gross Public debt - General government | E34: % PIB | G34: 53.485 | H34: 55.859 | I34: 58.956 | J34: 66.438 | K34: 65.777 | L34: 64.531 | M34: 64.948 | N34: 73.844 | O34: 87.071 | P34: 95.651 | Q34: 100.027 | R34: 103.667 | S34: 105.015 | T34: 104.942 | U34: 105.442 | V34: 107.405 | W34: 106.403 | X34: 107.653 | Y34: 108.785 | Z34: 132.552 | AA34: 125.048 | AB34: 119.145 | AC34: 119.963 | AD34: 122.27 | AE34: 123.886 | AG34: 123.886
A35: Eurostat 2026 | B35: Italie | C35: Total | D35: Gross Public debt - General government | E35: % PIB | F35: 108.7 | G35: 108.5 | H35: 105.9 | I35: 105.1 | J35: 104.7 | K35: 106.2 | L35: 106.3 | M35: 103.5 | N35: 105.8 | O35: 116.1 | P35: 118.8 | Q35: 119.1 | R35: 125.9 | S35: 131.9 | T35: 134.8 | U35: 134.8 | V35: 134.2 | W35: 133.7 | X35: 134.2 | Y35: 133.9 | Z35: 154.4 | AA35: 145.8 | AB35: 138.4 | AC35: 133.9 | AD35: 134.7 | AE35: 137.1 | AG35: 137.1
A36: Eurostat 2026 | B36: Grèce | C36: Total | D36: Gross Public debt - General government | E36: % PIB | F36: 108.9 | G36: 110.5 | H36: 107.9 | I36: 104.3 | J36: 105.5 | K36: 109.9 | L36: 105.3 | M36: 104.6 | N36: 110.9 | O36: 128.5 | P36: 147.8 | Q36: 175.1 | R36: 164.1 | S36: 180.4 | T36: 182.7 | U36: 179.6 | V36: 183.1 | W36: 182.1 | X36: 189 | Y36: 183.2 | Z36: 209.4 | AA36: 197.3 | AB36: 177.8 | AC36: 164.3 | AD36: 154.2 | AE36: 146.1 | AG36: 146.1
A37: IMF - WEO April 2026 | B37: Japon | C37: Total | D37: Gross Public debt - General government | E37: % PIB | F37: 118.498 | G37: 126.843 | H37: 134.627 | I37: 140.242 | J37: 148.839 | K37: 153.435 | L37: 152.102 | M37: 150.448 | N37: 153.618 | O37: 172.858 | P37: 178.579 | Q37: 190.564 | R37: 197.144 | S37: 201.166 | T37: 203.645 | U37: 200.145 | V37: 202.145 | W37: 203.111 | X37: 203.721 | Y37: 206.326 | Z37: 228.771 | AA37: 222.684 | AB37: 227.831 | AC37: 220.302 | AD37: 214.487 | AE37: 206.525 | AG37: 206.525

Sheet G5c
A1: Source | B1: Pays | C1: Code | D1: Unité | E1: 2000 | F1: 2001 | G1: 2002 | H1: 2003 | I1: 2004 | J1: 2005 | K1: 2006 | L1: 2007 | M1: 2008 | N1: 2009 | O1: 2010 | P1: 2011 | Q1: 2012 | R1: 2013 | S1: 2014 | T1: 2015 | U1: 2016 | V1: 2017 | W1: 2018 | X1: 2019 | Y1: 2020 | Z1: 2021 | AA1: 2022 | AB1: 2023 | AC1: 2024 | AD1: 2025
B3: Pays G7 | F3: 5.3393493 | G3: 5.0430161 | H3: 4.6896337 | I3: 4.4002236 | J3: 4.2140816 | K3: 4.1117176 | L3: 4.2558808 | M3: 4.2967403 | N3: 3.7342499 | O3: 3.3735369 | P3: 3.3073101 | Q3: 3.1359668 | R3: 2.7909763 | S3: 2.5993753 | T3: 2.3916474 | U3: 2.2983469 | V3: 2.2346291 | W3: 2.2349943 | X3: 2.1062522 | Y3: 1.9671535 | Z3: 1.7037831 | AA3: 2.1935534 | AB3: 2.2587845 | AC3: 2.4206272 | AD3: 2.5095457
B4: UE-27 | C4: Taux apparent dette | D4: % | F4: 5.4054054 | G4: 5.1671733 | H4: 4.7256098 | I4: 4.491018 | J4: 4.1728763 | K4: 4.0178571 | L4: 4.1538462 | M4: 4.4871795 | N4: 4.1474654 | O4: 3.5667107 | P4: 3.6069652 | Q4: 3.5495716 | R4: 3.1764706 | S4: 2.8801843 | T4: 2.5316456 | U4: 2.3501763 | V4: 2.1403092 | W4: 2.0858896 | X4: 1.8867925 | Y4: 1.8064516 | Z4: 1.5642458 | AA4: 1.8454441 | AB4: 2.0631068 | AC4: 2.3602484 | AD4: 2.354399
B5: France | C5: Taux apparent dette | D5: % | F5: 5.1131729 | G5: 5.1064176 | H5: 4.6917183 | I5: 4.2831104 | J5: 4.0587623 | K5: 3.8173647 | L5: 4.1104936 | M5: 4.3859987 | N5: 3.6471954 | O5: 3.0206665 | P5: 3.146484 | Q5: 2.9660685 | R5: 2.5420153 | S5: 2.322326 | T5: 2.1110814 | U5: 1.9599703 | V5: 1.8227666 | W5: 1.7902378 | X5: 1.5389169 | Y5: 1.305666 | Z5: 1.2075713 | AA5: 1.701368 | AB5: 1.691856 | AC5: 1.8708569 | AD5: 1.9513742

Sheet G5d
A1: Ajustement à partir du PIB potentiel (AMECO)
D2: 2000 | E2: 2001 | F2: 2002 | G2: 2003 | H2: 2004 | I2: 2005 | J2: 2006 | K2: 2007 | L2: 2008 | M2: 2009 | N2: 2010 | O2: 2011 | P2: 2012 | Q2: 2013 | R2: 2014 | S2: 2015 | T2: 2016 | U2: 2017 | V2: 2018 | W2: 2019 | X2: 2020 | Y2: 2021 | Z2: 2022 | AA2: 2023 | AB2: 2024 | AC2: 2025 | AD2: 2026 | AE2: 2027
A3: solde primaire structurel | D3: 0.51087 | E3: 0.55274 | F3: -0.75148 | G3: -1.26839 | H3: -1.38804 | I3: -1.4031 | J3: -1.18972 | K3: -1.88928 | L3: -1.42245 | M3: -3.08613 | N3: -3.35943 | O3: -2.11727 | P3: -1.54165 | Q3: -1.46105 | R3: -1.29239 | S3: -0.98228 | T3: -1.0642 | U3: -1.56924 | V3: -1.01447 | W3: -2.00172 | X3: -3.46862 | Y3: -4.22408 | Z3: -2.69979 | AA3: -3.38379 | AB3: -3.53911 | AC3: -2.49595 | AD3: -1.96907 | AE3: -2.40801
A4: solde primaire conjoncturel | D4: 1.13578 | E4: 1.08246 | F4: 0.60402 | G4: 0.05661 | H4: 0.63401 | I4: 0.61105 | J4: 1.13541 | K4: 1.58789 | L4: 0.79327 | M4: -1.74653 | N4: -1.25225 | O4: -0.47178 | P4: -0.99854 | Q4: -1.14633 | R4: -1.08433 | S4: -0.87897 | T4: -0.79951 | U4: -0.0033 | V4: 0.46442 | W4: 1.12362 | X4: -4.1819 | Y4: -0.97305 | Z4: -0.12469 | AA4: -0.09245 | AB4: -0.17395 | AC4: -0.37159 | AD4: -0.55446 | AE4: -0.50165
A5: solde primaire | D5: =SUM(D3:D4) -> 1.64665 | E5: =SUM(E3:E4) -> 1.6352 | F5: =SUM(F3:F4) -> -0.14746 | G5: =SUM(G3:G4) -> -1.21178 | H5: =SUM(H3:H4) -> -0.75403 | I5: =SUM(I3:I4) -> -0.79205 | J5: =SUM(J3:J4) -> -0.05431 | K5: =SUM(K3:K4) -> -0.30139 | ... AE5: =SUM(AE3:AE4) -> -2.90966

Sheet G5e
A1: Source | B1: Pays | C1: Classification HCSP | D1: Unité | E1: 1999 | F1: 2000 | G1: 2001 | H1: 2002 | I1: 2003 | J1: 2004 | K1: 2005 | L1: 2006 | M1: 2007 | N1: 2008 | O1: 2009 | P1: 2010 | Q1: 2011 | R1: 2012 | S1: 2013 | T1: 2014 | U1: 2015 | V1: 2016 | W1: 2017 | X1: 2018 | Y1: 2019 | Z1: 2020 | AA1: 2021 | AB1: 2022 | AC1: 2023 | AD1: 2024 | AE1: 2025
A2: Insee 2026 | B2: France | C2: Solde primaire | D2: 3 | E2: % PIB | F2: 1.6466522 | G2: 1.6352052 | H2: -0.14745966 | I2: -1.2117822 | J2: -0.75403217 | K2: -0.79204993 | L2: -0.054305991 | M2: -0.30138667 | N2: -0.62918593 | O2: -4.8326515 | P2: -4.6116804 | Q2: -2.589047 | R2: -2.5401872 | S2: -2.6073878 | T2: -2.3767199 | U2: -1.8612502 | V2: -1.863704 | W2: -1.57254 | X2: -0.55004685 | Y2: -0.87810371 | Z2: -7.6505256 | AA2: -5.1971331 | AB2: -2.824487 | AC2: -3.4762332 | AD2: -3.7130643 | AE2: -2.9023562
A3: Insee 2026 | B3: France | C3: Solde total | D3: 6 | E3: % PIB | F3: -1.3126554 | G3: -1.4173591 | H3: -3.1755653 | I3: -4.0878055 | J3: -3.5551863 | K3: -3.5073619 | L3: -2.6577487 | M3: -2.9896495 | N3: -3.5020151 | O3: -7.3783939 | P3: -7.1520609 | Q3: -5.3044627 | R3: -5.17109 | S3: -4.9384159 | T3: -4.5736403 | U3: -3.8921106 | V3: -3.7648752 | W3: -3.3624968 | X3: -2.3188018 | Y3: -2.3939369 | Z3: -8.9326896 | AA3: -6.5846325 | AB3: -4.7436301 | AC3: -5.3609608 | AD3: -5.7616526 | AE3: -5.0996036

Sheet G5f
C2: Contributions au solde primaire | J2: 2000-2004 | P2: 2005-2009 | V2: 2010-2014 | AA2: 2015-2019 | AE2: 2020-2021 | AJ2: 2022-2025
C3: Contribution des recettes publiques | F3: -0.55048854 | G3: -0.55048854 | H3: -0.55048854 | I3: -0.55048854 | J3: -0.55048854 | L3: -0.19648636 | M3: -0.19648636 | N3: -0.19648636 | O3: -0.19648636 | P3: -0.19648636 | R3: 3.1486131 | S3: 3.1486131 | T3: 3.1486131 | U3: 3.1486131 | V3: 3.1486131 | X3: -0.75479267 | Y3: -0.75479267 | Z3: -0.75479267 | AA3: -0.75479267 | AC3: -0.073488292 | AD3: -0.073488292 | AF3: -0.66763506 | AG3: -0.66763506 | AH3: -0.66763506 | AI3: -0.66763506 | AJ3: -0.66763506
C4: Contributions des dépenses primaires | F4: -1.8882136 | G4: -1.8882136 | H4: -1.8882136 | I4: -1.8882136 | J4: -1.8882136 | L4: -3.6231441 | M4: -3.6231441 | N4: -3.6231441 | O4: -3.6231441 | P4: -3.6231441 | R4: -0.39818291 | S4: -0.39818291 | T4: -0.39818291 | U4: -0.39818291 | V4: -0.39818291 | X4: 1.7379392 | Y4: 1.7379392 | Z4: 1.7379392 | AA4: 1.7379392 | AC4: -4.2455411 | AD4: -4.2455411 | AF4: 2.962412 | AG4: 2.962412 | AH4: 2.962412 | AI4: 2.962412 | AJ4: 2.962412
C5: Solde primaire | F5: -2.4387021 | G5: -2.4387021 | H5: -2.4387021 | I5: -2.4387021 | J5: -2.4387021 | L5: -3.8196305 | M5: -3.8196305 | N5: -3.8196305 | O5: -3.8196305 | P5: -3.8196305 | R5: 2.7504302 | S5: 2.7504302 | T5: 2.7504302 | U5: 2.7504302 | V5: 2.7504302 | X5: 0.98314653 | Y5: 0.98314653 | Z5: 0.98314653 | AA5: 0.98314653 | AC5: -4.3190294 | AD5: -4.3190294 | AF5: 2.2947769 | AG5: 2.2947769 | AH5: 2.2947769 | AI5: 2.2947769 | AJ5: 2.2947769
C6: Contribution charge des intérêts | F6: 0.24399561 | G6: 0.24399561 | H6: 0.24399561 | I6: 0.24399561 | J6: 0.24399561 | L6: 0.17493146 | M6: 0.17493146 | N6: 0.17493146 | O6: 0.17493146 | P6: 0.17493146 | R6: 0.50952016 | S6: 0.50952016 | T6: 0.50952016 | U6: 0.50952016 | V6: 0.50952016 | X6: 0.51502718 | Y6: 0.51502718 | Z6: 0.51502718 | AA6: 0.51502718 | AC6: 0.12833376 | AD6: 0.12833376 | AF6: -0.809748 | AG6: -0.809748 | AH6: -0.809748 | AI6: -0.809748 | AJ6: -0.809748
C7: Dépenses totales | F7: 1.644218 | G7: 1.644218 | H7: 1.644218 | I7: 1.644218 | J7: 1.644218 | L7: 3.4482127 | M7: 3.4482127 | N7: 3.4482127 | O7: 3.4482127 | P7: 3.4482127 | R7: -0.11133726 | S7: -0.11133726 | T7: -0.11133726 | U7: -0.11133726 | V7: -0.11133726 | X7: -2.2529664 | Y7: -2.2529664 | Z7: -2.2529664 | AA7: -2.2529664 | AC7: 4.1172074 | AD7: 4.1172074 | AF7: -2.152664 | AG7: -2.152664 | AH7: -2.152664 | AI7: -2.152664 | AJ7: -2.152664
C8: Solde public total | F8: -2.1947065 | G8: -2.1947065 | H8: -2.1947065 | I8: -2.1947065 | J8: -2.1947065 | L8: -3.644699 | M8: -3.644699 | N8: -3.644699 | O8: -3.644699 | P8: -3.644699 | R8: 3.2599503 | S8: 3.2599503 | T8: 3.2599503 | U8: 3.2599503 | V8: 3.2599503 | X8: 1.4981737 | Y8: 1.4981737 | Z8: 1.4981737 | AA8: 1.4981737 | AC8: -4.1906957 | AD8: -4.1906957 | AF8: 1.4850289 | AG8: 1.4850289 | AH8: 1.4850289 | AI8: 1.4850289 | AJ8: 1.4850289

Sheet G6 dat
A1: G6a | B1: ='[4]scénarios COR'!M$2 -> 2025 | C1: ='[4]scénarios COR'!N$2 -> 2026 | D1: ='[4]scénarios COR'!O$2 -> 2027 | E1: ='[4]scénarios COR'!P$2 -> 2028 | F1: ='[4]scénarios COR'!Q$2 -> 2029 | G1: ='[4]scénarios COR'!R$2 -> 2030 | H1: ='[4]scénarios COR'!S$2 -> 2031 | I1: ='[4]scénarios COR'!T$2 -> 2032 | ... AA1: ='[4]scénarios COR'!AL$2 -> 2050
A2: productivité 0,7% | B2: ='[4]scénarios COR'!M10 -> 0.72 | C2: ='[4]scénarios COR'!N10 -> 0.86 | D2: ='[4]scénarios COR'!O10 -> 0.85 | E2: ='[4]scénarios COR'!P10 -> 0.83 | F2: ='[4]scénarios COR'!Q10 -> 0.78 | G2: ='[4]scénarios COR'!R10 -> 0.79 | H2: ='[4]scénarios COR'!S10 -> 0.79 | I2: ='[4]scénarios COR'!T10 -> 0.78 | ... AA2: ='[4]scénarios COR'!AL10 -> 0.7
A3: productivité 0,4% | F3: ='[4]scénarios COR'!Q56 -> 0.78 | G3: ='[4]scénarios COR'!R56 -> 0.77 | H3: ='[4]scénarios COR'!S56 -> 0.73 | I3: ='[4]scénarios COR'!T56 -> 0.69 | J3: ='[4]scénarios COR'!U56 -> 0.66 | K3: ='[4]scénarios COR'!V56 -> 0.62 | L3: ='[4]scénarios COR'!W56 -> 0.58 | M3: ='[4]scénarios COR'!X56 -> 0.55 | ... AA3: ='[4]scénarios COR'!AL56 -> 0.4
A4: productivité 1% | F4: ='[4]scénarios COR'!Q34 -> 0.78 | G4: ='[4]scénarios COR'!R34 -> 0.82 | H4: ='[4]scénarios COR'!S34 -> 0.84 | I4: ='[4]scénarios COR'!T34 -> 0.86 | J4: ='[4]scénarios COR'!U34 -> 0.88 | K4: ='[4]scénarios COR'!V34 -> 0.89 | L4: ='[4]scénarios COR'!W34 -> 0.91 | M4: ='[4]scénarios COR'!X34 -> 0.93 | ... AA4: ='[4]scénarios COR'!AL34 -> 1
A6: G6b | B6: ='[4]scénarios COR'!M$2 -> 2025 | C6: ='[4]scénarios COR'!N$2 -> 2026 | D6: ='[4]scénarios COR'!O$2 -> 2027 | E6: ='[4]scénarios COR'!P$2 -> 2028 | F6: ='[4]scénarios COR'!Q$2 -> 2029 | G6: ='[4]scénarios COR'!R$2 -> 2030 | H6: ='[4]scénarios COR'!S$2 -> 2031 | I6: ='[4]scénarios COR'!T$2 -> 2032 | ... AA6: ='[4]scénarios COR'!AL$2 -> 2050
A7: chômage struct 7% | B7: ='[4]scénarios COR'!M9 -> 7.75 | C7: ='[4]scénarios COR'!N9 -> 7.64 | D7: ='[4]scénarios COR'!O9 -> 7.55 | E7: ='[4]scénarios COR'!P9 -> 7.5 | F7: ='[4]scénarios COR'!Q9 -> 7.5 | G7: ='[4]scénarios COR'!R9 -> 7.45 | H7: ='[4]scénarios COR'!S9 -> 7.41 | I7: ='[4]scénarios COR'!T9 -> 7.36 | ... AA7: ='[4]scénarios COR'!AL9 -> 7
A8: chômage struct 5% | F8: ='[4]scénarios COR'!Q77 -> 7.5 | G8: ='[4]scénarios COR'!R77 -> 7.27 | H8: ='[4]scénarios COR'!S77 -> 7.05 | I8: ='[4]scénarios COR'!T77 -> 6.82 | J8: ='[4]scénarios COR'!U77 -> 6.59 | K8: ='[4]scénarios COR'!V77 -> 6.36 | L8: ='[4]scénarios COR'!W77 -> 6.14 | M8: ='[4]scénarios COR'!X77 -> 5.91 | ... AA8: ='[4]scénarios COR'!AL77 -> 5
A9: chômage struct 10% | F9: ='[4]scénarios COR'!Q99 -> 7.5 | G9: ='[4]scénarios COR'!R99 -> 7.73 | H9: ='[4]scénarios COR'!S99 -> 7.95 | I9: ='[4]scénarios COR'!T99 -> 8.18 | J9: ='[4]scénarios COR'!U99 -> 8.41 | K9: ='[4]scénarios COR'!V99 -> 8.64 | L9: ='[4]scénarios COR'!W99 -> 8.86 | M9: ='[4]scénarios COR'!X99 -> 9.09 | ... AA9: ='[4]scénarios COR'!AL99 -> 10
A11: G6c | B11: ='[4]scénarios COR'!M$2 -> 2025 | C11: ='[4]scénarios COR'!N$2 -> 2026 | D11: ='[4]scénarios COR'!O$2 -> 2027 | E11: ='[4]scénarios COR'!P$2 -> 2028 | F11: ='[4]scénarios COR'!Q$2 -> 2029 | G11: ='[4]scénarios COR'!R$2 -> 2030 | H11: ='[4]scénarios COR'!S$2 -> 2031 | I11: ='[4]scénarios COR'!T$2 -> 2032 | ... AA11: ='[4]scénarios COR'!AL$2 -> 2050
A12: r - g = 0.5 | C12: 2.52924 | D12: 2.964356 | E12: 3.380008 | F12: 3.380008 | G12: 3.623625 | H12: 3.6338 | I12: 3.582925 | J12: 3.5524 | K12: 3.298025 | L12: 3.298025 | M12: 3.216625 | N12: 3.1454 | O12: 3.155575 | P12: 3.16575 | Q12: 3.08435 | R12: 2.992775 | S12: 2.96225 | T12: 2.870675 | U12: 2.829975 | V12: 2.7791 | W12: 2.687525 | X12: 2.67735 | Y12: 2.63665 | Z12: 2.63665 | AA12: 2.5756
A13: r - g = 1 | C13: 3.02924 | D13: 3.464356 | E13: 3.880008 | F13: 3.880008 | G13: 4.123625 | H13: 4.1338 | I13: 4.082925 | J13: 4.0524 | K13: 3.798025 | L13: 3.798025 | M13: 3.716625 | N13: 3.6454 | O13: 3.655575 | P13: 3.66575 | Q13: 3.58435 | R13: 3.492775 | S13: 3.46225 | T13: 3.370675 | U13: 3.329975 | V13: 3.2791 | W13: 3.187525 | X13: 3.17735 | Y13: 3.13665 | Z13: 3.13665 | AA13: 3.0756
A14: r = g | C14: 2.02924 | D14: 2.464356 | E14: 2.880008 | F14: 2.880008 | G14: 3.123625 | H14: 3.1338 | I14: 3.082925 | J14: 3.0524 | K14: 2.798025 | L14: 2.798025 | M14: 2.716625 | N14: 2.6454 | O14: 2.655575 | P14: 2.66575 | Q14: 2.58435 | R14: 2.492775 | S14: 2.46225 | T14: 2.370675 | U14: 2.329975 | V14: 2.2791 | W14: 2.187525 | X14: 2.17735 | Y14: 2.13665 | Z14: 2.13665 | AA14: 2.0756
A16: G6d | B16: ='[4]scénarios COR'!M$2 -> 2025 | C16: ='[4]scénarios COR'!N$2 -> 2026 | D16: ='[4]scénarios COR'!O$2 -> 2027 | E16: ='[4]scénarios COR'!P$2 -> 2028 | F16: ='[4]scénarios COR'!Q$2 -> 2029 | G16: ='[4]scénarios COR'!R$2 -> 2030 | H16: ='[4]scénarios COR'!S$2 -> 2031 | I16: ='[4]scénarios COR'!T$2 -> 2032 | ... AA16: ='[4]scénarios COR'!AL$2 -> 2050
A17: taux apparent, r - g = 0.5 | B17: 1.8990902 | C17: 2.2366936 | D17: 2.317545 | E17: 2.4355964 | F17: 2.5405311 | G17: 2.6608748 | H17: 2.7689776 | I17: 2.8594162 | J17: 2.9364144 | K17: 2.9765934 | L17: 3.012308 | M17: 3.0350099 | N17: 3.0472755 | O17: 3.0593087 | P17: 3.0711355 | Q17: 3.0726038 | R17: 3.063734 | S17: 3.052458 | T17: 3.0322598 | U17: 3.0097838 | V17: 2.9841522 | W17: 2.9511936 | X17: 2.9207666 | Y17: 2.8891981 | Z17: 2.8611372 | AA17: 2.8294108
A18: taux apparent, r - g = 1 | C18: 2.2366936 | D18: 2.3731006 | E18: 2.5405347 | F18: 2.6893651 | G18: 2.8487273 | H18: 2.9915131 | I18: 3.1127811 | J18: 3.2171832 | K18: 3.2817212 | L18: 3.3390883 | M18: 3.3810368 | N18: 3.4104105 | O18: 3.437651 | P18: 3.4629953 | Q18: 3.4764792 | R18: 3.4782898 | S18: 3.4765076 | T18: 3.4647484 | U18: 3.4497736 | V18: 3.4308099 | W18: 3.4037782 | X18: 3.3786195 | Y18: 3.351734 | Z18: 3.3278358 | AA18: 3.2998096
A19: taux apparent, r = g | C19: 2.2366936 | D19: 2.2619894 | E19: 2.3306582 | F19: 2.391697 | G19: 2.4730224 | H19: 2.5464421 | I19: 2.6060513 | J19: 2.6556456 | K19: 2.6714655 | L19: 2.6855277 | M19: 2.688983 | N19: 2.6841404 | O19: 2.6809665 | P19: 2.6792758 | Q19: 2.6687285 | R19: 2.6491781 | S19: 2.6284083 | T19: 2.5997713 | U19: 2.5697939 | V19: 2.5374946 | W19: 2.4986091 | X19: 2.4629136 | Y19: 2.4266621 | Z19: 2.3944385 | AA19: 2.359012
A21: G6e | B21: ='[4]scénarios COR'!M$2 -> 2025 | C21: ='[4]scénarios COR'!N$2 -> 2026 | D21: ='[4]scénarios COR'!O$2 -> 2027 | E21: ='[4]scénarios COR'!P$2 -> 2028 | F21: ='[4]scénarios COR'!Q$2 -> 2029 | G21: ='[4]scénarios COR'!R$2 -> 2030 | H21: ='[4]scénarios COR'!S$2 -> 2031 | I21: ='[4]scénarios COR'!T$2 -> 2032 | ... AA21: ='[4]scénarios COR'!AL$2 -> 2050
A22: population active | B22: ='[4]scénarios COR'!M18 -> 0.56754762 | C22: ='[4]scénarios COR'!N18 -> 0.53009008 | D22: ='[4]scénarios COR'!O18 -> 0.32604225 | E22: ='[4]scénarios COR'!P18 -> 0.40708532 | F22: ='[4]scénarios COR'!Q18 -> 0.3658253 | G22: ='[4]scénarios COR'!R18 -> 0.37999899 | H22: ='[4]scénarios COR'!S18 -> 0.39643157 | I22: ='[4]scénarios COR'!T18 -> 0.36045161 | ... AA22: ='[4]scénarios COR'!AL18 -> -0.38178493

Sheet G7
B1: Variation 25 50 | E1: % popu totale 2050
B2: Insee 2021 | C2: Insee 2026 | E2: Insee 2021 | F2: Insee 2026
A3: Moins de 18 ans | B3: -0.822795 | C3: -2.929945 | E3: 19.274606 | F3: 16.053452
A4: 18 - 64 ans | B4: -1.799935 | C4: -1.155645 | E4: 53.411534 | F4: 55.907581
A5: 65 ans et plus | B5: 3.873695 | C5: 4.315971 | E5: 27.313861 | F5: 28.038967

Sheet G8
C1: 0-14 | D1: 15-34 | E1: 35-54 | F1: 55-64 | G1: 65-74 | H1: 75+ | I1: Total
C2: Pourcentage | D2: Pourcentage | E2: Pourcentage | F2: Pourcentage | G2: Pourcentage | H2: Pourcentage | I2: Pourcentage
B3: MCV et traitements | C3: 0.0044 | D3: 0.0151 | E3: 0.1083 | F3: 0.3345 | G3: 0.5296 | H3: 0.7569 | I3: 0.2171
C4: 0.2171 | D4: 0.2171 | E4: 0.2171 | F4: 0.2171 | G4: 0.2171 | H4: 0.2171 | I4: 0.2171
B5: Santé mentale | C5: 0.0183 | D5: 0.0619 | E5: 0.128 | F5: 0.1889 | G5: 0.2062 | H5: 0.308 | I5: 0.1309
C6: 0.1309 | D6: 0.1309 | E6: 0.1309 | F6: 0.1309 | G6: 0.1309 | H6: 0.1309 | I6: 0.1309
B7: Cancers | C7: 0.0012 | D7: 0.0046 | E7: 0.0254 | F7: 0.0673 | G7: 0.127 | H7: 0.2037 | I7: 0.053
C8: 0.053 | D8: 0.053 | E8: 0.053 | F8: 0.053 | G8: 0.053 | H8: 0.053 | I8: 0.053
B9: Diabète | C9: 0.0016 | D9: 0.007 | E9: 0.0347 | F9: 0.1069 | G9: 0.1768 | H9: 0.2004 | I9: 0.0661 | M9: G
C10: 0.0661 | D10: 0.0661 | E10: 0.0661 | F10: 0.0661 | G10: 0.0661 | H10: 0.0661 | I10: 0.0661
C31: 0-9 | D31: 10 - 19 | E31: 20-29 | F31: 30-39 | G31: 40-49 | H31: 50-59 | I31: 60-69 | J31: 70-79 | K31: 80-89 | L31: 90+
A32: Dépenses totales moyennes | C32: 924 | D32: 878 | E32: 1433 | F32: 2178 | G32: 2395 | H32: 3672 | I32: 4288 | J32: 5577 | K32: 7666 | L32: 8600
B33: Total | C33: 2978 | D33: 2978 | E33: 2978 | F33: 2978 | G33: 2978 | H33: 2978 | I33: 2978 | J33: 2978 | K33: 2978 | L33: 2978
C57: Dépenses remboursées moyennes | D57: Tous soins confondus
B59: MCV et traitements | C59: 2251 | D59: 3144
B60: Diabète | C60: 2572 | D60: 3144
B61: Santé mentale | C61: 3289 | D61: 3144
B62: Cancers | C62: 8188 | D62: 3144

Sheet G9a
B3: 2015 | C3: 2016 | D3: 2017 | E3: 2018 | F3: 2019 | G3: 2020 | H3: 2021 | I3: 2022 | J3: 2023 | K3: 2024 | L3: 2025 | M3: 2026 | N3: 2027 | O3: 2028 | P3: 2029 | Q3: 2030 | R3: 2031 | S3: 2032 | T3: 2033 | U3: 2034 | V3: 2035 | W3: 2036 | X3: 2037 | Y3: 2038 | Z3: 2039 | AA3: 2040 | AB3: 2041 | AC3: 2042 | AD3: 2043 | AE3: 2044 | AF3: 2045 | AG3: 2046 | AH3: 2047 | AI3: 2048 | AJ3: 2049 | AK3: 2050
A4: Observé
A5: Mds€ constants | B5: 217.87768 | C5: 221.17692 | D5: 226.28899 | E5: 227.95584 | F5: 230.59189 | G5: 235.08543 | H5: 262.0581 | I5: 260.9349 | J5: 258.03201 | K5: 263.67396 | AM5: =AK5/K5-1 -> -1
A7: Projections
A8: Mds€ constants | K8: 263.67497 | L8: 268.87884 | M8: 274.1284 | N8: 279.61464 | O8: 285.05325 | P8: 290.44245 | Q8: 296.05399 | R8: 301.84992 | S8: 307.87827 | T8: 313.99206 | U8: 320.06599 | V8: 326.18467 | W8: 330.77525 | X8: 335.30763 | Y8: 339.71154 | Z8: 343.9051 | AA8: 347.98007 | AB8: 351.9772 | AC8: 355.7635 | AD8: 359.44959 | AE8: 362.96996 | AF8: 366.47949 | AG8: 370.03784 | AH8: 373.56994 | AI8: 377.10364 | AJ8: 380.56813 | AK8: 384.01588 | AM8: 0.45639869

Sheet G9b
B1: 2015 | C1: 2016 | D1: 2017 | E1: 2018 | F1: 2019 | G1: 2020 | H1: 2021 | I1: 2022 | J1: 2023 | K1: 2024 | L1: 2025 | M1: 2026 | N1: 2027 | O1: 2028 | P1: 2029 | Q1: 2030 | R1: 2031 | S1: 2032 | T1: 2033 | U1: 2034 | V1: 2035 | W1: 2036 | X1: 2037 | Y1: 2038 | Z1: 2039 | AA1: 2040 | AB1: 2041 | AC1: 2042 | AD1: 2043 | AE1: 2044 | AF1: 2045 | AG1: 2046 | AH1: 2047 | AI1: 2048 | AJ1: 2049 | AK1: 2050
A2: Autre ALD | B2: 9.8893 | C2: 10.09532 | D2: 10.14606 | E2: 10.2113 | F2: 10.25091 | G2: 9.97335 | H2: 10.26409 | I2: 10.70543 | J2: 10.82515 | K2: 10.961875 | L2: 11.100681 | M2: 11.243902 | N2: 11.387276 | O2: 11.526422 | P2: 11.664104 | Q2: 11.803064 | R2: 11.944552 | S2: 12.090309 | T2: 12.241709 | U2: 12.394303 | V2: 12.547045 | W2: 12.613413 | X2: 12.681866 | Y2: 12.745637 | Z2: 12.804315 | AA2: 12.859968 | AB2: 12.912065 | AC2: 12.949487 | AD2: 12.980963 | AE2: 13.006046 | AF2: 13.031739 | AG2: 13.058604 | AH2: 13.087009 | AI2: 13.11351 | AJ2: 13.138063 | AK2: 13.158704
A3: Cancers | B3: 3.10856 | C3: 3.13621 | D3: 3.22774 | E3: 3.32703 | F3: 3.4001 | G3: 3.42482 | H3: 3.45819 | I3: 3.47684 | J3: 3.51285 | K3: 3.5731797 | L3: 3.6353641 | M3: 3.6977608 | N3: 3.7603411 | O3: 3.8229574 | P3: 3.885309 | Q3: 3.9481041 | R3: 4.0114246 | S3: 4.0792352 | T3: 4.1489006 | U3: 4.2176747 | V3: 4.2867365 | W3: 4.3408004 | X3: 4.392367 | Y3: 4.4391461 | Z3: 4.4818166 | AA3: 4.5226869 | AB3: 4.5608046 | AC3: 4.588654 | AD3: 4.6134396 | AE3: 4.6361272 | AF3: 4.6599696 | AG3: 4.6854203 | AH3: 4.712539 | AI3: 4.7393544 | AJ3: 4.765583 | AK3: 4.789753
A4: Diabète | B4: 3.58918 | C4: 3.66238 | D4: 3.74793 | E4: 3.82284 | F4: 3.91766 | G4: 4.01373 | H4: 4.14063 | I4: 4.25076 | J4: 4.35508 | K4: 4.4648921 | L4: 4.578389 | M4: 4.6959495 | N4: 4.8116639 | O4: 4.925217 | P4: 5.0375189 | Q4: 5.1510649 | R4: 5.2658782 | S4: 5.3793775 | T4: 5.493804 | U4: 5.608031 | V4: 5.7235626 | W4: 5.7716956 | X4: 5.8191158 | Y4: 5.8622275 | Z4: 5.901959 | AA4: 5.9395813 | AB4: 5.976025 | AC4: 6.0023978 | AD4: 6.025829 | AE4: 6.0453304 | AF4: 6.0652516 | AG4: 6.0885662 | AH4: 6.1131449 | AI4: 6.1381567 | AJ4: 6.1600881 | AK4: 6.1790574
A5: MCV et traitements | B5: 13.46591 | C5: 13.46779 | D5: 13.45846 | E5: 13.44872 | F5: 13.50303 | G5: 13.51892 | H5: 13.68458 | I5: 13.90003 | J5: 14.25296 | K5: 14.376782 | L5: 14.505227 | M5: 14.635353 | N5: 14.758527 | O5: 14.873206 | P5: 14.978242 | Q5: 15.08027 | R5: 15.178921 | S5: 15.27588 | T5: 15.373474 | U5: 15.463884 | V5: 15.550266 | W5: 15.705318 | X5: 15.862696 | Y5: 16.008331 | Z5: 16.142402 | AA5: 16.269891 | AB5: 16.39183 | AC5: 16.484545 | AD5: 16.567186 | AE5: 16.636457 | AF5: 16.70574 | AG5: 16.780745 | AH5: 16.858707 | AI5: 16.937175 | AJ5: 17.010419 | AK5: 17.076902
A6: Santé mentale | B6: 8.23956 | C6: 8.24196 | D6: 8.19439 | E6: 8.19656 | F6: 8.21634 | G6: 8.31599 | H6: 8.47592 | I6: 8.49867 | J6: 8.62745 | K6: 8.6962392 | L6: 8.7684963 | M6: 8.8456911 | N6: 8.9217763 | O6: 8.9962507 | P6: 9.0685792 | Q6: 9.1428845 | R6: 9.2198257 | S6: 9.3000229 | T6: 9.3847537 | U6: 9.4684886 | V6: 9.5543658 | W6: 9.5996372 | X6: 9.6462328 | Y6: 9.6872104 | Z6: 9.722314 | AA6: 9.7549664 | AB6: 9.7848757 | AC6: 9.8056205 | AD6: 9.8206044 | AE6: 9.8297718 | AF6: 9.8382296 | AG6: 9.8467851 | AH6: 9.8570485 | AI6: 9.8665397 | AJ6: 9.8776897 | AK6: 9.8869182
AK8: =SUM(AK2:AK6) -> 51.091335 | AL8: =AK8-L8 -> 51.091335

Sheet G10ab
B1: Prévalence perte autonomie , 2023 | F1: Part des bénéficiaires de l'APA dans la population de plus de 60 ans, en 2023
B3: Besoins modérés (GIR 3-4) | C3: Besoins importants (GIR 1-2) | D3: Total (GIR 1-4)
A4: 60 à 74 ans | B4: 3.7 | C4: 0.68 | D4: =SUM(B4:C4) -> 4.38 | F4: En % | H4: Etablissement | I4: Domicile | J4: TOTAL
A5: 75 à 84 ans | B5: 8.86 | C5: 3.91 | D5: =SUM(B5:C5) -> 12.77 | F5: Total | G5: 60-64 ans | H5: 0.18771938 | I5: 0.31711192 | J5: 0.5048313
A6: 85 ans et plus | B6: 23.43 | C6: 18.1 | D6: =SUM(B6:C6) -> 41.53 | G6: 65-69 ans | H6: 0.45094423 | I6: 1.006816 | J6: 1.4577603
G7: 70-74 ans | H7: 0.83365053 | I7: 1.9714853 | J7: 2.8051358
G8: 75-79 ans | H8: 1.6380317 | I8: 3.7832349 | J8: 5.4212666
G9: 80-84 ans | H9: 3.8656888 | I9: 8.005631 | J9: 11.87132
G10: 85-89 ans | H10: 9.0733031 | I10: 14.915566 | J10: 23.988869
G11: 90-94 ans | H11: 20.407185 | I11: 22.89999 | J11: 43.307175
G12: 95+ ans | H12: 43.690441 | I12: 27.27096 | J12: 70.9614

Sheet G10c
C2: Etablissements | I2: Domicile
C3: Besoins importants | E3: Besoins modérés | G3: GIR 1-4 | I3: Besoins importants | K3: Besoins modérés | M3: GIR 1-4
C4: GIR 1 | D4: GIR 2 | E4: GIR 3 | F4: GIR 4 | I4: GIR 1 | J4: GIR 2 | K4: GIR 3 | L4: GIR 4
B5: Dépenses publiques | C5: 29400 | D5: 26500 | E5: 21300 | F5: 16900 | G5: 23500 | I5: 32200 | J5: 21600 | K5: 14800 | L5: 7300 | M5: 12100
B6: Reste à charge | C6: 13900 | D6: 13900 | E6: 13900 | F6: 13900 | G6: 13900 | I6: 1100 | J6: 1000 | K6: 700 | L6: 400 | M6: 600
B7: Total | C7: 43300 | D7: 40300 | E7: 35100 | F7: 30700 | G7: 37400 | I7: 33300 | J7: 22500 | K7: 15500 | L7: 7700 | M7: 12700
B8: % reste à charge | C8: =C6/C7 -> 0.32101617 | D8: =D6/D7 -> 0.34491315 | E8: =E6/E7 -> 0.3960114 | F8: =F6/F7 -> 0.45276873 | G8: =G6/G7 -> 0.37165775 | I8: =I6/I7 -> 0.033033033 | J8: =J6/J7 -> 0.044444444 | K8: =K6/K7 -> 0.04516129 | L8: =L6/L7 -> 0.051948052 | M8: =M6/M7 -> 0.047244094
C13: Etablissements | K13: Domicile

Sheet G11a
B1: Dépenses ENSA - Personnes âgées en perte d'autonomie (Mds€ 2024)
C2: 2010 | D2: 2011 | E2: 2012 | F2: 2013 | G2: 2014 | H2: 2015 | I2: 2016 | J2: 2017 | K2: 2018 | L2: 2019 | M2: 2020 | N2: 2021 | O2: 2022 | P2: 2023 | Q2: 2024 | R2: 2025 | S2: 2026 | T2: 2027 | U2: 2028 | V2: 2029 | W2: 2030 | X2: 2031 | Y2: 2032 | Z2: 2033 | AA2: 2034 | AB2: 2035 | AC2: 2036 | AD2: 2037 | AE2: 2038 | AF2: 2039 | AG2: 2040 | AH2: 2041 | AI2: 2042 | AJ2: 2043 | AK2: 2044 | AL2: 2045 | AM2: 2046 | AN2: 2047 | AO2: 2048 | AP2: 2049 | AQ2: 2050
B3: Mds€ 2025
B4: Observé | C4: 20.596688 | D4: 21.101509 | E4: 21.808258 | F4: 22.111151 | G4: 22.212115 | H4: 24.635255 | I4: 24.837183 | J4: 24.938147 | K4: 26.048753 | L4: 26.755502 | M4: 29.077678 | N4: 30.491176 | O4: 30.390212 | P4: 30.794069 | Q4: 31.399854
B5: Projections | Q5: 31.399854 | R5: 32.133041 | S5: 32.878035 | T5: 33.66702 | U5: 34.475099 | V5: 35.313766 | W5: 36.206991 | X5: 37.171925 | Y5: 38.224602 | Z5: 39.339377 | AA5: 40.475007 | AB5: 41.61704 | AC5: 42.751421 | AD5: 43.847101 | AE5: 44.92968 | AF5: 45.984342 | AG5: 47.000893 | AH5: 47.985343 | AI5: 48.876386 | AJ5: 49.758507 | AK5: 50.54874 | AL5: 51.276991 | AM5: 51.947719 | AN5: 52.564867 | AO5: 53.136453 | AP5: 53.701321 | AQ5: 54.245637 | AS5: 0.68815756

Sheet G11b
C1: GIR 1-2 | D1: GIR 3-4 | E1: Total
B2: Domicile | C2: 60.126421 | D2: 175.8777 | E2: 236.00413
B3: Etablissement | C3: 185.52273 | D3: 124.61674 | E3: 310.13947
B4: Total de bénéficiaires de l'APA | C4: 245.64915 | D4: 300.49445 | E4: 546.1436

Sheet G12a
C1: < 3 ans | D1: 3 ans | E1: 4 ans | F1: 5 ans | G1: 6 ans | H1: 7 ans | I1: 8 ans | J1: 9 ans | K1: 10 ans | L1: 11 ans | M1: 12 ans | N1: 13 ans | O1: 14 ans | P1: 15 ans | Q1: 16 ans | R1: 17 ans | S1: 18 ans
B2: Petite enfance | C2: 57.6
A3: Education nationale | B3: Préélémentaire | C3: 3.3 | D3: 99.8 | E3: 100 | F3: 100
B4: Elémentaire | G4: 100 | H4: 100 | I4: 100 | J4: 100 | K4: 98.5 | L4: 7.2 | M4: 0.1
B5: Secondaire | K5: 2.3 | L5: 93 | M5: 99.7 | N5: 99 | O5: 99.1 | P5: =88.8+4.4 -> 93.2 | Q5: =83.7+3.8 -> 87.5 | R5: =77.7+3.4 -> 81.1 | S5: =14.5+1.3 -> 15.8

Sheet G12b
D1: 2025 | E1: 2026 | F1: 2027 | G1: 2028 | H1: 2029 | I1: 2030 | J1: 2031 | K1: 2032 | L1: 2033 | M1: 2034 | N1: 2035 | O1: 2036 | P1: 2037 | Q1: 2038 | R1: 2039 | S1: 2040 | T1: 2041 | U1: 2042 | V1: 2043 | W1: 2044 | X1: 2045 | Y1: 2046 | Z1: 2047 | AA1: 2048 | AB1: 2049 | AC1: 2050
C3: Petite enfance | D3: 100 | E3: 96.08964 | F3: 94.157631 | G3: 92.061944 | H3: 89.917009 | I3: 88.340794 | J3: 87.594488 | K3: 87.664339 | L3: 87.746697 | M3: 87.842807 | N3: 87.953292 | O3: 88.075661 | P3: 88.205659 | Q3: 88.335864 | R3: 88.458441 | S3: 88.560778 | T3: 88.628709 | U3: 88.647962 | V3: 88.608003 | W3: 88.501877 | X3: 88.322423 | Y3: 88.062791 | Z3: 87.715819 | AA3: 87.277875 | AB3: 86.746987 | AC3: 86.122583
C4: Préélémentaire | D4: 100 | E4: 98.390715 | F4: 95.744158 | G4: 92.14468 | H4: 88.746415 | I4: 86.935825 | J4: 85.043108 | K4: 83.128133 | L4: 81.720617 | M4: 81.054329 | N4: 81.117164 | O4: 81.191083 | P4: 81.27743 | Q4: 81.376575 | R4: 81.486201 | S4: 81.602737 | T4: 81.719458 | U4: 81.829316 | V4: 81.921273 | W4: 81.9823 | X4: 81.999876 | Y4: 81.964586 | Z4: 81.870217 | AA4: 81.710369 | AB4: 81.478874 | AC4: 81.169334
C5: Elémentaire | D5: 100 | E5: 98.519944 | F5: 97.211153 | G5: 96.361505 | H5: 95.371344 | I5: 93.395532 | J5: 91.083408 | K5: 88.853732 | L5: 86.220378 | M5: 83.689472 | N5: 81.91262 | O5: 80.49598 | P5: 79.465589 | Q5: 78.717726 | R5: 78.38121 | S5: 78.449925 | T5: 78.529519 | U5: 78.619253 | V5: 78.717446 | W5: 78.82048 | X5: 78.923106 | Y5: 79.017401 | Z5: 79.093785 | AA5: 79.142066 | AB5: 79.152742 | AC5: 79.116868
C6: Secondaire | D6: 100 | E6: 100.01264 | F6: 99.648522 | G6: 98.938762 | H6: 97.67655 | I6: 96.649112 | J6: 95.572903 | K6: 94.361841 | L6: 93.247524 | M6: 92.096212 | N6: 90.457255 | O6: 88.838225 | P6: 87.076126 | Q6: 85.147852 | R6: 83.25975 | S6: 81.031247 | T6: 79.134146 | U6: 77.988955 | V6: 77.081399 | W6: 76.42871 | X6: 75.963505 | Y6: 75.769734 | Z6: 75.842459 | AA6: 75.923333 | AB6: 76.01018 | AC6: 76.099838

Sheet G13
C2: 2013 | D2: 2014 | E2: 2015 | F2: 2016 | G2: 2017 | H2: 2018 | I2: 2019 | J2: 2020 | K2: 2021 | L2: 2022 | M2: 2023 | N2: 2024 | O2: 2025 | P2: 2026 | Q2: 2027 | R2: 2028 | S2: 2029 | T2: 2030 | U2: 2031 | V2: 2032 | W2: 2033 | X2: 2034 | Y2: 2035 | Z2: 2036 | AA2: 2037 | AB2: 2038 | AC2: 2039 | AD2: 2040 | AE2: 2041 | AF2: 2042 | AG2: 2043 | AH2: 2044 | AI2: 2045 | AJ2: 2046 | AK2: 2047 | AL2: 2048 | AM2: 2049 | AN2: 2050
A3: Observé | B3: Mds constants 2025 | C3: 16.932143 | D3: 17.301245 | E3: 17.072249 | F3: 17.043097 | G3: 16.894917 | H3: 16.047919 | I3: 16.088727 | J3: 14.729568 | K3: 14.977141 | L3: 15.526717 | M3: 15.184737 | N3: 15.425304
A4: Projections | N4: 15.425304 | O4: 14.97224 | P4: 14.481586 | Q4: 14.270434 | R4: 14.040415 | S4: 13.813679 | T4: 13.712172 | U4: 13.745702 | V4: 13.914635 | W4: 14.08542 | X4: 14.258565 | Y4: 14.433531 | Z4: 14.61103 | AA4: 14.790423 | AB4: 14.972277 | AC4: 15.156246 | AD4: 15.342317 | AE4: 15.530746 | AF4: 15.568832 | AG4: 15.607213 | AH4: 15.645635 | AI4: 15.683872 | AJ4: 15.722596 | AK4: 15.761132 | AL4: 15.800082 | AM4: 15.838823 | AN4: 15.877703 | AP4: 0.90546295 | AQ4: 0.060476118
B24: Garde à domicile | C24: -5.883064
B25: Ecole préélémentaire | C25: -8.824596
B26: Crèche (EAJE) | C26: -62.84182
B27: Assistante maternelle | C27: -85.304428
B28: Accueil formel total | C28: -162.85391

Sheet G14a
A1: Évolution des dépenses publiques d’enseignement préélémentaire, élémentaire et secondaire, 2015-2050 (en milliards d’euros constants de 2025)
B2: Annuel | E2: 2015 | F2: 2016 | G2: 2017 | H2: 2018 | I2: 2019 | J2: 2020 | K2: 2021 | L2: 2022 | M2: 2023 | N2: 2024 | O2: 2025 | P2: 2026 | Q2: 2027 | R2: 2028 | S2: 2029 | T2: 2030 | U2: 2031 | V2: 2032 | W2: 2033 | X2: 2034 | Y2: 2035 | Z2: 2036 | AA2: 2037 | AB2: 2038 | AC2: 2039 | AD2: 2040 | AE2: 2041 | AF2: 2042 | AG2: 2043 | AH2: 2044 | AI2: 2045 | AJ2: 2046 | AK2: 2047 | AL2: 2048 | AM2: 2049 | AN2: 2050
C4: Mds constants 2025 | D4: Observé | E4: 100.63388 | F4: 100.91642 | G4: 103.07289 | H4: 103.50324 | I4: 104.36238 | J4: 102.69726 | K4: 105.40007 | L4: 107.5663 | M4: 112.35144 | N4: 114.82748
D5: Projections | N5: 114.82748 | O5: 110.5107 | P5: 109.5811 | Q5: 109.95933 | R5: 109.94393 | S5: 109.72613 | T5: 109.41391 | U5: 109.22607 | V5: 108.91852 | W5: 108.63363 | X5: 108.31592 | Y5: 108.08014 | Z5: 107.91281 | AA5: 107.81069 | AB5: 107.72988 | AC5: 107.63344 | AD5: 107.6319 | AE5: 107.59298 | AF5: 107.67009 | AG5: 108.02744 | AH5: 108.4723 | AI5: 109.01232 | AJ5: 109.61831 | AK5: 110.31967 | AL5: 111.1177 | AM5: 111.90222 | AN5: 112.67271

Sheet G14b
A1: Taux d’encadrement dans les premier et second degrés d’enseignement (nombre d’élèves par enseignant ETP)
E2: 2015 | F2: 2016 | G2: 2017 | H2: 2018 | I2: 2019 | J2: 2020 | K2: 2021 | L2: 2022 | M2: 2023 | N2: 2024 | O2: 2025 | P2: 2026 | Q2: 2027 | R2: 2028 | S2: 2029 | T2: 2030 | U2: 2031 | V2: 2032 | W2: 2033 | X2: 2034 | Y2: 2035 | Z2: 2036 | AA2: 2037 | AB2: 2038 | AC2: 2039 | AD2: 2040 | AE2: 2041 | AF2: 2042 | AG2: 2043 | AH2: 2044 | AI2: 2045 | AJ2: 2046 | AK2: 2047 | AL2: 2048 | AM2: 2049 | AN2: 2050
B4: Encadrement | C4: Premier degré | D4: Observé | E4: 21.052625 | F4: 20.788172 | G4: 20.504348 | H4: 20.135872 | I4: 19.914711 | J4: 19.541037 | K4: 19.395461 | L4: 19.240282 | M4: 19.061288
C5: Second degré | E5: 12.959594 | F5: 12.938525 | G5: 12.917271 | H5: 12.927685 | I5: 13.073851 | J5: 13.062924 | K5: 13.232267 | L5: 13.227344 | M5: 13.220479
D7: Projections | M7: 19.1 | N7: 19.1 | O7: 19.1 | P7: 18.982346 | Q7: 18.843343 | R7: 18.699471 | S7: 18.552359 | T7: 18.397495 | U7: 18.220221 | V7: 18.044144 | W7: 17.858547 | X7: 17.698599 | Y7: 17.60161 | Z7: 17.524508 | AA7: 17.469171 | AB7: 17.430004 | AC7: 17.414376 | AD7: 17.42188 | AE7: 17.429998 | AF7: 17.43847 | AG7: 17.446858 | AH7: 17.454556 | AI7: 17.460882 | AJ7: 17.4651 | AK7: 17.466482 | AL7: 17.464255 | AM7: 17.457689 | AN7: 17.446072
M8: 13.2 | N8: 13.2 | O8: 13.2 | P8: 13.200667 | Q8: 13.181401 | R8: 13.143686 | S8: 13.076096 | T8: 13.020729 | U8: 12.962343 | V8: 12.896138 | W8: 12.834788 | X8: 12.770927 | Y8: 12.679036 | Z8: 12.587278 | AA8: 12.486208 | AB8: 12.374117 | AC8: 12.262882 | AD8: 12.129449 | AE8: 12.014241 | AF8: 11.944086 | AG8: 11.888098 | AH8: 11.847628 | AI8: 11.818676 | AJ8: 11.806599 | AK8: 11.811129 | AL8: 11.816164 | AM8: 11.821566 | AN8: 11.82714

Sheet G15a
A1: Variation du nombre de familles bénéficiaires et du montant mensuel moyen des prestations familiales, 2016-2023
C2: 2016/ 2021 | D2: 2021/ 2023 | E2: Cumulé
B3: Familles bénéficiaires (en milliers) | C3: -147 | D3: -94 | E3: -241
B4: Montant mensuel moyen (en € constants) | C4: -31.619288 | D4: 18.443701 | E4: -13.175586

Sheet G15b
A1: Évolution du pouvoir d’achat relatif des prestations familiales, 2002-2025 (base 2002 = 100)
B2: 2002 | C2: 2003 | D2: 2004 | E2: 2005 | F2: 2006 | G2: 2007 | H2: 2008 | I2: 2009 | J2: 2010 | K2: 2011 | L2: 2012 | M2: 2013 | N2: 2014 | O2: 2015 | P2: 2016 | Q2: 2017 | R2: 2018 | S2: 2019 | T2: 2020 | U2: 2021 | V2: 2022 | W2: 2023 | X2: 2024 | Y2: 2025
A3: BMAF | B3: 100 | C3: 101.69948 | D3: 103.4282 | E3: 105.70392 | F3: 107.60523 | G3: 109.43341 | H3: 110.52739 | I3: 113.84444 | J3: 113.84444 | K3: 115.5527 | L3: 116.71103 | M3: 118.11215 | N3: 118.82002 | O3: 118.82002 | P3: 118.93995 | Q3: 119.29681 | R3: 120.49024 | S3: 120.85296 | T3: 121.21567 | U3: 121.3356 | V3: 123.52064 | W3: 130.43847 | X3: 136.43783 | Y3: 138.75157
A4: IPCHT | B4: 100 | C4: 101.59934 | D4: 103.54223 | E4: 105.2245 | F4: 106.81199 | G4: 109.51309 | H4: 110.61486 | I4: 111.52707 | J4: 113.42258 | K4: 116.14738 | L4: 117.55716 | M4: 118.31537 | N4: 118.30352 | O4: 118.51676 | P4: 119.25127 | Q4: 120.55444 | R4: 122.21301 | S4: 123.67018 | T4: 123.31477 | U4: 126.79777 | V4: 134.36797 | W4: 139.20152 | X4: 140.83639 | Y4: 141.87892
A5: Salaire net moyen | B5: 100 | C5: 102.10719 | D5: 104.41643 | E5: 107.3944 | F5: 109.36688 | G5: 112.83556 | H5: 116.30905 | I5: 117.85336 | J5: 120.23477 | K5: 123.21274 | L5: 125.08419 | M5: 125.88281 | N5: 127.17695 | O5: 128.65871 | P5: 129.41884 | Q5: 131.94458 | R5: 134.82151 | S5: 137.74175 | T5: 142.63928 | U5: 142.2544 | V5: 147.78216 | W5: 153.4783 | X5: 157.75522

Sheet G16
A1: Dynamique tendancielle des dépenses publiques liées aux prestations familiales (en milliards d’euros constants de 2025)
E2: Annuel | F2: 2015 | G2: 2016 | H2: 2017 | I2: 2018 | J2: 2019 | K2: 2020 | L2: 2021 | M2: 2022 | N2: 2023 | O2: 2024 | P2: 2025 | Q2: 2026 | R2: 2027 | S2: 2028 | T2: 2029 | U2: 2030 | V2: 2031 | W2: 2032 | X2: 2033 | Y2: 2034 | Z2: 2035 | AA2: 2036 | AB2: 2037 | AC2: 2038 | AD2: 2039 | AE2: 2040 | AF2: 2041 | AG2: 2042 | AH2: 2043 | AI2: 2044 | AJ2: 2045 | AK2: 2046 | AL2: 2047 | AM2: 2048 | AN2: 2049 | AO2: 2050
C3: Mds€ constants | D3: Observé | F3: 31.083583 | G3: 30.239608 | H3: 29.872776 | I3: 29.572929 | J3: 29.048153 | K3: 28.643211 | L3: 27.6544 | M3: 27.633157 | N3: 27.931368 | O3: 28.840319
D4: Projections | O4: 28.840319 | P4: 28.551609 | Q4: 28.369547 | R4: 28.123129 | S4: 27.781321 | T4: 27.399357 | U4: 26.956461 | V4: 26.552689 | W4: 26.145798 | X4: 25.758781 | Y4: 25.374662 | Z4: 25.025147 | AA4: 24.707895 | AB4: 24.420813 | AC4: 24.147553 | AD4: 23.876557 | AE4: 23.640988 | AF4: 23.395609 | AG4: 23.187599 | AH4: 23.065297 | AI4: 22.967361 | AJ4: 22.894302 | AK4: 22.837986 | AL4: 22.805848 | AM4: 22.796987 | AN4: 22.779199 | AO4: 22.751665 | AQ4: -0.20313898

Sheet G17
A1: Coûts des aléas climatiques pris en charge par le public
B2: Climat actuel (moyenne 2019 - 2023) | C2: Climat futur (2050) | E2: Augmentation (nombre de fois)
A3: Inondations | B3: 0.5 | C3: 1.4439681 | D3: 0.94396814 | E3: 2.8879363
A4: Sécheresse | B4: 1.35 | C4: 3.59856 | D4: 2.24856 | E4: 2.6656
A5: Tempêtes (TGN) | B5: 2.16 | C5: 2.4444318 | D5: 0.28443177 | E5: 1.1316814
A6: Total | B6: 4.01 | C6: 7.4869599 | D6: 3.4769599 | E6: 1.8670723

Sheet G18
A1: Dépenses publiques annuelles pour la prise en charge des dommages liés aux événements climatiques extrêmes, 2025-2050 (en milliards d’euros constants de 2025)
C2: 2025 | D2: 2026 | E2: 2027 | F2: 2028 | G2: 2029 | H2: 2030 | I2: 2031 | J2: 2032 | K2: 2033 | L2: 2034 | M2: 2035 | N2: 2036 | O2: 2037 | P2: 2038 | Q2: 2039 | R2: 2040 | S2: 2041 | T2: 2042 | U2: 2043 | V2: 2044 | W2: 2045 | X2: 2046 | Y2: 2047 | Z2: 2048 | AA2: 2049 | AB2: 2050
B3: Intervention Etat | C3: 0 | D3: 0 | E3: 0 | F3: 0.29778224 | G3: 0.46176761 | H3: 0.53242399 | I3: 0.59430212 | J3: 0.6558571 | K3: 0.71793443 | L3: 0.78061867 | M3: 0.84391826 | N3: 0.90783405 | O3: 0.97236613 | P3: 1.0375145 | Q3: 1.1032792 | R3: 1.1696601 | S3: 1.2366574 | T3: 1.304271 | U3: 1.3725008 | V3: 1.441347 | W3: 1.5108094 | X3: 1.5808882 | Y3: 1.6515832 | Z3: 1.7228945 | AA3: 1.7948222 | AB3: 1.8673661

Sheet G19a
C2: Investissements totaux | E2: 2011 | I2: 2015 | N2: 2020 | S2: 2025 | X2: 2030 | AC2: 2035 | AH2: 2040 | AM2: 2045 | AR2: 2050
B3: Total des investissements climat | C3: Mds EUR constants 2024 | E3: 61.820607 | F3: 66.119317 | G3: 68.611263 | H3: 70.15387 | I3: 68.467367 | J3: 68.999488 | K3: 74.538599 | L3: 76.753162 | M3: 82.075177 | N3: 79.826119 | O3: 94.035591 | P3: 103.33191 | Q3: 107.72374 | R3: 102.20851 | S3: 104.51645 | T3: 106.8765 | U3: 109.28984 | V3: 111.75767 | W3: 114.28123 | X3: 116.86178 | Y3: 110.76464 | Z3: 104.98562 | AA3: 99.508106 | AB3: 94.316379 | AC3: 89.395524 | AD3: 92.55066 | AE3: 95.817154 | AF3: 99.198936 | AG3: 102.70008 | AH3: 106.32478 | AI3: 105.61595 | AJ3: 104.91185 | AK3: 104.21243 | AL3: 103.51768 | AM3: 102.82757 | AN3: 101.76383 | AO3: 100.7111 | AP3: 99.669264 | AQ3: 98.638203 | AR3: 97.617807
C4: Mds EUR constants 2025 | D4: Observé | E4: 71.89234 | F4: 76.750297 | G4: 84.031515 | H4: 85.433187 | I4: 82.444063 | J4: 82.65727 | K4: 88.772272 | L4: 90.402095 | M4: 95.514293 | N4: 90.210542 | O4: 104.98578 | P4: 111.98474 | Q4: 111.32898 | R4: 103.19397
D5: Projections | R5: 103.19397 | S5: 105.52415 | T5: 107.90696 | U5: 110.34357 | V5: 112.83519 | W5: 115.38309 | X5: 117.98851 | Y5: 111.83259 | Z5: 105.99784 | AA5: 100.46752 | AB5: 95.225739 | AC5: 90.257439 | AD5: 93.442996 | AE5: 96.740984 | AF5: 100.15537 | AG5: 103.69027 | AH5: 107.34992 | AI5: 106.63426 | AJ5: 105.92336 | AK5: 105.21721 | AL5: 104.51576 | AM5: 103.81899 | AN5: 102.745 | AO5: 101.68212 | AP5: 100.63023 | AQ5: 99.589232 | AR5: 98.558998

Sheet G19b
A1: Répartition entre dépenses publiques et privées
B2: 2025 | C2: 2030 | D2: 2050
A3: Totaux | B3: 105.52415 | C3: 117.98851 | D3: 98.558998
A4: Administrations publiques (APU) | B4: 34.910776 | C4: 39.034385 | D4: 32.606479
A5: Ménages et entreprises | B5: 70.613378 | C5: 78.954126 | D5: 65.952519

Sheet G20a
A1: Assiette des taxes sur l’énergie (TWh)
A2: Énergie | B2: Scénario | C2: 2024 | D2: 2025 | E2: 2026 | F2: 2027 | G2: 2028 | H2: 2029 | I2: 2030 | J2: 2031 | K2: 2032 | L2: 2033 | M2: 2034 | N2: 2035 | O2: 2036 | P2: 2037 | Q2: 2038 | R2: 2039 | S2: 2040 | T2: 2041 | U2: 2042 | V2: 2043 | W2: 2044 | X2: 2045 | Y2: 2046 | Z2: 2047 | AA2: 2048 | AB2: 2049 | AC2: 2050
A3: Électricité | B3: AME | C3: 434.05287 | D3: 436.58995 | E3: 440.27075 | F3: 443.95154 | G3: 447.63233 | H3: 451.25857 | I3: 454.88482 | J3: 460.23471 | K3: 465.58461 | L3: 470.93451 | M3: 476.25797 | N3: 481.58142 | O3: 486.43151 | P3: 491.2816 | Q3: 496.13169 | R3: 500.93359 | S3: 505.73548 | T3: 509.56872 | U3: 513.40196 | V3: 517.2352 | W3: 521.02693 | X3: 524.81866 | Y3: 528.05539 | Z3: 531.29211 | AA3: 534.52884 | AB3: 537.76556 | AC3: 541.00229 | AE3: 0.23915423
A4: Fossile | C4: 1047.7707 | D4: 1056.9465 | E4: 1037.1807 | F4: 1017.4149 | G4: 997.64909 | H4: 977.39439 | I4: 957.13969 | J4: 941.37873 | K4: 925.61777 | L4: 909.85681 | M4: 893.88478 | N4: 877.91274 | O4: 865.80859 | P4: 853.70444 | Q4: 841.60029 | R4: 829.3956 | S4: 817.19091 | T4: 808.06513 | U4: 798.93934 | V4: 789.81356 | W4: 780.75746 | X4: 771.70137 | Y4: 765.57697 | Z4: 759.45257 | AA4: 753.32816 | AB4: 747.20376 | AC4: 741.07936 | AE4: -0.29884877
A5: TOTAL | B5: AME | C5: 1481.8235 | D5: 1493.5365 | E5: 1477.4515 | F5: 1461.3664 | G5: 1445.2814 | H5: 1428.653 | I5: 1412.0245 | J5: 1401.6134 | K5: 1391.2024 | L5: 1380.7913 | M5: 1370.1427 | N5: 1359.4942 | O5: 1352.2401 | P5: 1344.986 | Q5: 1337.732 | R5: 1330.3292 | S5: 1322.9264 | T5: 1317.6338 | U5: 1312.3413 | V5: 1307.0488 | W5: 1301.7844 | X5: 1296.52 | Y5: 1293.6324 | Z5: 1290.7447 | AA5: 1287.857 | AB5: 1284.9693 | AC5: 1282.0816 | AE5: =AC5/D5-1 -> -0.14157996

Sheet G20b
A1: Ventes de véhicules particuliers neufs (en milliers)
D2: Unité | E2: 2025 | F2: 2026 | G2: 2027 | H2: 2028 | I2: 2029 | J2: 2030 | K2: 2031 | L2: 2032 | M2: 2033 | N2: 2034 | O2: 2035 | P2: 2036 | Q2: 2037 | R2: 2038 | S2: 2039 | T2: 2040 | U2: 2041 | V2: 2042 | W2: 2043 | X2: 2044 | Y2: 2045 | Z2: 2046 | AA2: 2047 | AB2: 2048 | AC2: 2049 | AD2: 2050
B3: SNBC | C3: Thermiques | E3: 1273 | F3: 1178.4 | G3: 1083.8 | H3: 989.2 | I3: 894.6 | J3: 800 | K3: 640 | L3: 480 | M3: 320 | N3: 160 | O3: 0 | P3: 0 | Q3: 0 | R3: 0 | S3: 0 | T3: 0 | U3: 0 | V3: 0 | W3: 0 | X3: 0 | Y3: 0 | Z3: 0 | AA3: 0 | AB3: 0 | AC3: 0 | AD3: 0
B4: SNBC | C4: Electrique | E4: 494 | F4: 615.2 | G4: 736.4 | H4: 857.6 | I4: 978.8 | J4: 1100 | K4: 1320 | L4: 1540 | M4: 1760 | N4: 1980 | O4: 2200 | P4: 2220 | Q4: 2240 | R4: 2260 | S4: 2280 | T4: 2300 | U4: 2300 | V4: 2300 | W4: 2300 | X4: 2300 | Y4: 2300 | Z4: 2280 | AA4: 2260 | AB4: 2240 | AC4: 2220 | AD4: 2200
B5: SNBC | C5: Hybride rechargeable | E5: 133 | F5: 126.4 | G5: 119.8 | H5: 113.2 | I5: 106.6 | J5: 100 | K5: 80 | L5: 60 | M5: 40 | N5: 20 | O5: 0 | P5: 0 | Q5: 0 | R5: 0 | S5: 0 | T5: 0 | U5: 0 | V5: 0 | W5: 0 | X5: 0 | Y5: 0 | Z5: 0 | AA5: 0 | AB5: 0 | AC5: 0 | AD5: 0

Sheet G20c
C1: Prix de l'électricité
C2: €/MWh | D2: 2020 | E2: 2025 | F2: 2030 | G2: 2035 | H2: 2040 | I2: 2045 | J2: 2050
C3: Pétrole | E3: 100 | F3: 112.12121 | G3: 110.81081 | H3: 102.64228 | I3: 108.91089 | J3: 114.36364
C4: Charbon | E4: 100 | F4: 97.709924 | G4: 94.53125 | H4: 100 | I4: 105.78512 | J4: 100
C5: Gaz | E5: 100 | F5: 96 | G5: 90.972222 | H5: 123.28244 | I5: 97.832817 | J5: 97.151899
C6: Electricité | E6: 100 | F6: 103.47625 | G6: 100 | H6: 100 | I6: 100 | J6: 100

Sheet G21a
A1: Taux de référence et taux apparents d’accise, 2024, en € / MWh | B1: Taux pondérés | C1: Taux de référence
B2: 2024 | C2: 2024
A3: Kérosène | B3: 0.78813446 | C3: 75.021761
A4: Charbon | B4: 4.967388 | C4: 14.62
A5: GPL | B5: 5.2199188 | C5: 16.207798
A6: Gaz naturel | B6: 13.184339 | C6: 18.188889
A7: Fioul | B7: 14.090705 | C7: 14.506841
A8: Gazole | B8: 51.687233 | C8: 57.676726
A9: Essence | B9: 71.074962 | C9: 75.48542
A10: Electricité | B10: 17.037617 | C10: 21

Sheet G21b
A1: Taux pondérés (EUR courants)
A2: 2019 | B2: 2020 | C2: 2021 | D2: 2022 | E2: 2023 | F2: 2024 | G2: Total énergies fossiles
A3: 0.57223831 | B3: 0.76133049 | C3: 0.91704877 | D3: 0.67854024 | E3: 0.63827921 | F3: 0.78813446 | G3: 35.517543
A4: 2.4241172 | B4: 3.0454389 | C4: 3.0948391 | D4: 2.4397739 | E4: 2.7113015 | F4: 4.967388 | G4: 35.517543
A5: 4.8406959 | B5: 4.8297803 | C5: 4.7939505 | D5: 5.0808482 | E5: 5.2909808 | F5: 5.2199188 | G5: 35.517543
A6: 6.775841 | B6: 7.0314723 | C6: 7.0907182 | D6: 7.1452967 | E6: 6.9215974 | F6: 13.184339 | G6: 35.517543
A7: 13.96546 | B7: 14.061248 | C7: 14.053499 | D7: 13.838553 | E7: 13.830713 | F7: 14.090705 | G7: 35.517543
A8: 47.396138 | B8: 47.347968 | C8: 47.476479 | D8: 48.249913 | E8: 49.860253 | F8: 51.687233 | G8: 35.517543
A9: 73.171471 | B9: 72.741797 | C9: 72.493962 | D9: 70.805355 | E9: 70.788228 | F9: 71.074962 | G9: 35.517543
A10: 17.47844 | B10: 17.782382 | C10: 17.63613 | D10: 0.66450136 | E10: 0.71335588 | F10: 17.037617
A12: 30.680492 | B12: 31.67604 | C12: 32.172391 | D12: 33.219049 | E12: 33.908685 | F12: 35.517543
A14: Taux de référence
A15: 2019 | B15: 2020 | C15: 2021 | D15: 2022 | E15: 2023 | F15: 2024
A16: 41.141162 | B16: 41.141162 | C16: 41.141162 | D16: 41.141162 | E16: 58.087723 | F16: 75.021761
A17: 14.62 | B17: 14.62 | C17: 14.62 | D17: 14.62 | E17: 14.62 | F17: 14.62
A18: 16.207798 | B18: 16.207798 | C18: 16.207798 | D18: 16.207798 | E18: 16.207798 | F18: 16.207798
A19: 9.3888889 | B19: 9.3888889 | C19: 9.3666667 | D19: 9.3444444 | E19: 9.3 | F19: 18.188889
A20: 14.506841 | B20: 14.506841 | C20: 14.506841 | D20: 14.506841 | E20: 14.506841 | F20: 14.506841
A21: 57.676726 | B21: 57.676726 | C21: 57.676726 | D21: 57.676726 | E21: 57.676726 | F21: 57.676726
A22: 75.48542 | B22: 75.48542 | C22: 75.48542 | D22: 75.48542 | E22: 75.48542 | F22: 75.48542
A23: 22.5 | B23: 22.5 | C23: 22.5 | D23: 1 | E23: 1 | F23: 21
A30: Évolution des taux apparents d’accise, 2019 vs. 2024, en €2024 / MWh
A31: Gaz naturel | B31: 5.4679683
A32: Charbon | B32: 2.2067878
A33: Kérosène | B33: 0.13646581
A34: GPL | B34: -0.2926967
A35: Fioul | B35: -1.8132504
A36: Gazole | B36: -2.2877929
A37: Electricité | B37: -2.8669422
A38: Essence | B38: -12.253178

Sheet G22
A1: Scenario | B1: Variable | C1: Unit | D1: 2024 | E1: 2025 | F1: 2026 | G1: 2027 | H1: 2028 | I1: 2029 | J1: 2030 | K1: 2031 | L1: 2032 | M1: 2033 | N1: 2034 | O1: 2035 | P1: 2036 | Q1: 2037 | R1: 2038 | S1: 2039 | T1: 2040 | U1: 2041 | V1: 2042 | W1: 2043 | X1: 2044 | Y1: 2045 | Z1: 2046 | AA1: 2047 | AB1: 2048 | AC1: 2049 | AD1: 2050
A2: Évolution des recettes publiques des principales taxes à la consommation dans un scénario à politiques climatiques inchangées (en milliards d’euros constants de 2025)
A3: SNBC AME | C3: Mds€ Euros constants | D3: 73.693716 | E3: 78.375863 | F3: 76.796498 | G3: 75.19468 | H3: 73.562579 | I3: 71.944928 | J3: 70.323473 | K3: 68.948489 | L3: 67.609548 | M3: 66.306405 | N3: 65.004676 | O3: 63.740559 | P3: 62.562028 | Q3: 61.407285 | R3: 60.288219 | S3: 59.202403 | T3: 58.137238 | U3: 57.208411 | V3: 56.296121 | W3: 55.391867 | X3: 54.507004 | Y3: 53.633595 | Z3: 52.925504 | AA3: 52.226074 | AB3: 51.532233 | AC3: 50.848228 | AD3: 50.165895 | AF3: -0.35993183 | AH3: -28.209968 | AI3: -0.0076549561
B4: TVA sans bouclage | D4: 34.405533 | E4: 35.643868 | F4: 35.214812 | G4: 34.752421 | H4: 34.237406 | I4: 33.723991 | J4: 33.178573 | K4: 32.858247 | L4: 32.544252 | M4: 32.23541 | N4: 31.933522 | O4: 31.637145 | P4: 31.127738 | Q4: 30.630475 | R4: 30.146165 | S4: 29.674126 | T4: 29.21421 | U4: 28.716784 | V4: 28.22408 | W4: 27.73659 | X4: 27.254145 | Y4: 26.776196 | Z4: 26.335665 | AA4: 25.894989 | AB4: 25.45542 | AC4: 25.016108 | AD4: 24.577743 | AF4: -0.31046364 | AI4: 0
B5: TVA avec bouclage | D5: 34.405533 | E5: 35.322439 | F5: 35.128599 | G5: 34.946779 | H5: 34.762771 | I5: 34.581673 | J5: 34.398059 | K5: 34.364371 | L5: 34.330653 | M5: 34.298579 | N5: 34.239817 | O5: 34.186018 | P5: 33.984324 | Q5: 33.782111 | R5: 33.590797 | S5: 33.409938 | T5: 33.226759 | U5: 33.007374 | V5: 32.787524 | W5: 32.55875 | X5: 32.327973 | Y5: 32.093292 | Z5: 31.870092 | AA5: 31.64562 | AB5: 31.41622 | AC5: 31.187148 | AD5: 30.949997 | AF5: -0.12378651 | AH5: -4.3724415 | AI5: -0.0011864901
B6: Accises | D6: 38.520856 | E6: 42.116437 | F6: 40.798995 | G6: 39.446725 | H6: 38.065716 | I6: 36.694313 | J6: 35.320343 | K6: 34.083085 | L6: 32.878493 | M6: 31.704746 | N6: 30.555866 | O6: 29.436492 | P6: 28.472561 | Q6: 27.532529 | R6: 26.616877 | S6: 25.72363 | T6: 24.852976 | U6: 24.151172 | V6: 23.466125 | W6: 22.797796 | X6: 22.150629 | Y6: 21.518592 | Z6: 21.036208 | AA6: 20.563678 | AB6: 20.101587 | AC6: 19.648927 | AD6: 19.205945 | AF6: -0.54397983 | AH6: -22.910492 | AI6: -0.0062169093
B7: Malus auto | D7: 0.76732761 | E7: 0.93698747 | F7: 0.86890419 | G7: 0.80117677 | H7: 0.73409219 | I7: 0.66894151 | J7: 0.6050709 | K7: 0.5010324 | L7: 0.40040235 | M7: 0.30307992 | N7: 0.20899256 | O7: 0.11804818 | P7: 0.10514251 | Q7: 0.092643769 | R7: 0.080545399 | S7: 0.068835024 | T7: 0.057502995 | U7: 0.049865129 | V7: 0.042472965 | W7: 0.035320844 | X7: 0.028401977 | Y7: 0.021710209 | Z7: 0.019203365 | AA7: 0.016775976 | AB7: 0.01442672 | AC7: 0.01215302 | AD7: 0.0099533102 | AF7: -0.98937733 | AH7: -0.92703416 | AI7: -0.00025155668

Sheet G23 dat
B1: ='[4]scénarios COR'!M$2 -> 2025 | C1: ='[4]scénarios COR'!N$2 -> 2026 | D1: ='[4]scénarios COR'!O$2 -> 2027 | E1: ='[4]scénarios COR'!P$2 -> 2028 | F1: ='[4]scénarios COR'!Q$2 -> 2029 | G1: ='[4]scénarios COR'!R$2 -> 2030 | H1: ='[4]scénarios COR'!S$2 -> 2031 | I1: ='[4]scénarios COR'!T$2 -> 2032 | ... AA1: ='[4]scénarios COR'!AL$2 -> 2050
A2: SMPT public | B2: 0.94 | C2: 1.87 | D2: 1.61 | E2: 1.841575 | F2: 1.96978 | G2: 2.232295 | H2: 2.39306 | I2: 2.54365 | J2: 2.533475 | K2: 2.513125 | L2: 2.513125 | M2: 2.50295 | N2: 2.492775 | O2: 2.4826 | P2: 2.472425 | Q2: 2.46225 | R2: 2.46225 | S2: 2.46225 | T2: 2.46225 | U2: 2.46225 | V2: 2.46225 | W2: 2.46225 | X2: 2.46225 | Y2: 2.46225 | Z2: 2.46225 | AA2: 2.46225
A3: SMPT | B3: 1.54564 | C3: 1.859813 | D3: 2.128211 | E3: 2.207875 | F3: 2.29945 | G3: 2.553825 | H3: 2.553825 | I3: 2.54365 | J3: 2.533475 | K3: 2.513125 | L3: 2.513125 | M3: 2.50295 | N3: 2.492775 | O3: 2.4826 | P3: 2.472425 | Q3: 2.46225 | R3: 2.46225 | S3: 2.46225 | T3: 2.46225 | U3: 2.46225 | V3: 2.46225 | W3: 2.46225 | X3: 2.46225 | Y3: 2.46225 | Z3: 2.46225 | AA3: 2.46225
A4: IPC | B4: 0.94 | C4: 1.87 | D4: 1.61 | E4: 1.75 | F4: 1.75 | G4: 1.75 | H4: 1.75 | I4: 1.75 | J4: 1.75 | K4: 1.75 | L4: 1.75 | M4: 1.75 | N4: 1.75 | O4: 1.75 | P4: 1.75 | Q4: 1.75 | R4: 1.75 | S4: 1.75 | T4: 1.75 | U4: 1.75 | V4: 1.75 | W4: 1.75 | X4: 1.75 | Y4: 1.75 | Z4: 1.75 | AA4: 1.75

Sheet G24
A2: Solde public en 2025 | B2: -5.1
A3: Prévision d'amélioration du solde primaire 2026 du gouvernement | B3: 0.44167319
A5: Contributions 2026-2050
A6: Baisse de la natalité : éducation et prestations familiales | B6: 0.95238021
A7: Indexation du barême de l'impôt sur le revenu sur l'inflation | B7: 0.5145261
A8: Indexation des prestations sociales sur l'inflation | B8: 0.3950369
A9: Dynamique des salaires publics | B9: 0.29627473
A10: Transition climatique : inv. de décarbonation et coûts des aléas climatiques | B10: 0.25036095
A11: Dynamique de l'activité économique | B11: 0.8798472
A12: Vieillissement de la population : santé et besoin en autonomie | B12: -1.4324348
A13: Veillissement de la population : retraites | B13: -0.23629984
A14: Hausse des pathologies | B14: -0.39592568
A15: Transition énergétique : baisse des assiettes énergétiques | B15: -1.2867145
A16: Défense | B16: -0.33769996
A17: Fin des recettes exceptionnelles | B17: -0.24641585
... A19: Solde public en 2050 | B19: -8.3368137

Sheet G25 dat
A1: G25A chocs dépenses | B1: 2025 | C1: 2026 | D1: 2027 | E1: 2028 | F1: 2029 | G1: 2030 | H1: 2031 | I1: 2032 | J1: 2033 | K1: 2034 | L1: 2035 | M1: 2036 | N1: 2037 | O1: 2038 | P1: 2039 | Q1: 2040 | R1: 2041 | S1: 2042 | T1: 2043 | U1: 2044 | V1: 2045 | W1: 2046 | X1: 2047 | Y1: 2048 | Z1: 2049 | AA1: 2050
A2: Total des dépenses primaires | D2: 0.30533452 | E2: 0.31589728 | F2: 0.14465547 | G2: -0.017003238 | H2: -0.29746064 | I2: -0.53213317 | J2: -0.75995358 | K2: -0.82767039 | L2: -0.88835947 | M2: -0.89398886 | N2: -0.87266289 | O2: -0.87532457 | P2: -0.89647167 | Q2: -0.90180928 | R2: -0.90922226 | S2: -0.91203404 | T2: -0.86813485 | U2: -0.81439535 | V2: -0.74977088 | W2: -0.6639204 | X2: -0.58077887 | Y2: -0.47221812 | Z2: -0.36096483 | AA2: -0.27202888
A3: Investissement des APU | D3: 0.037862766 | E3: 0.051687522 | F3: 0.056846493 | G3: 0.048892685 | H3: 0.011001669 | I3: -0.024882336 | J3: -0.059248733 | K3: -0.084745108 | L3: -0.10918856 | M3: -0.1118598 | N3: -0.11281988 | O3: -0.11444374 | P3: -0.11680226 | Q3: -0.11710207 | R3: -0.12506701 | S3: -0.13227714 | T3: -0.13662805 | U3: -0.14003262 | V3: -0.14202192 | W3: -0.14268102 | X3: -0.14306352 | Y3: -0.14229074 | Z3: -0.14166205 | AA3: -0.1396916
A4: Salaires des APU | D4: -0.0038435025 | E4: -0.063606903 | F4: -0.12640408 | G4: -0.20689341 | H4: -0.28643822 | I4: -0.3478591 | J4: -0.40709688 | K4: -0.44010392 | L4: -0.47199014 | M4: -0.49677263 | N4: -0.51485245 | O4: -0.5360148 | P4: -0.56140436 | Q4: -0.57908086 | R4: -0.58891887 | S4: -0.59580808 | T4: -0.58942277 | U4: -0.5794509 | V4: -0.5635057 | W4: -0.5383116 | X4: -0.51108253 | Y4: -0.4784227 | Z4: -0.44681226 | AA4: -0.445762
A5: Prestations sociales | D5: 0.12324383 | E5: 0.094773224 | F5: -0.079328198 | G5: -0.18861079 | H5: -0.30857515 | I5: -0.41512984 | J5: -0.52472753 | K5: -0.54141747 | L5: -0.55631362 | M5: -0.5686985 | N5: -0.5685891 | O5: -0.58318838 | P5: -0.60460703 | Q5: -0.62564727 | R5: -0.62594776 | S5: -0.62378899 | T5: -0.59946282 | U5: -0.57033499 | V5: -0.54260964 | W5: -0.51123315 | X5: -0.48491665 | Y5: -0.44417192 | Z5: -0.39779214 | AA5: -0.34977701
A6: Consommation intermédiaire des APU | D6: 0.073184414 | E6: 0.11158451 | F6: 0.1359564 | G6: 0.14131098 | H6: 0.13416956 | I6: 0.12822967 | J6: 0.12285906 | K6: 0.12745962 | L6: 0.13231218 | M6: 0.1308559 | N6: 0.13125755 | O6: 0.13008938 | P6: 0.12707805 | Q6: 0.12599721 | R6: 0.1279838 | S6: 0.13007746 | T6: 0.13537015 | U6: 0.14122522 | V6: 0.14879694 | W6: 0.15916765 | X6: 0.16974495 | Y6: 0.1818178 | Z6: 0.19352622 | AA6: 0.20679788
A7: Transferts en nature des APU | D7: 0.074887013 | E7: 0.12145893 | F7: 0.15758484 | G7: 0.18829729 | H7: 0.1523815 | I7: 0.12750844 | J7: 0.1082605 | K7: 0.11113648 | L7: 0.11682066 | M7: 0.15248616 | N7: 0.19234099 | O7: 0.22823297 | P7: 0.25926392 | Q7: 0.29402371 | R7: 0.30272758 | S7: 0.30976272 | T7: 0.32200864 | U7: 0.33419794 | V7: 0.34956943 | W7: 0.36913772 | X7: 0.38853888 | Y7: 0.41084944 | Z7: 0.43177539 | AA7: 0.45640385
A8: Intérêts versés aux agents domestiques | D8: 0.081948865 | E8: 0.18180815 | F8: 0.27612678 | G8: 0.37841223 | H8: 0.47582462 | I8: 0.5658929 | J8: 0.65057808 | K8: 0.71865087 | L8: 0.78513386 | M8: 0.84576558 | N8: 0.90153477 | O8: 0.95738051 | P8: 1.01334 | Q8: 1.0640549 | R8: 1.0905998 | S8: 1.1149406 | T8: 1.0929291 | U8: 1.1071112 | V8: 1.112302 | W8: 1.0836712 | X8: 1.1184972 | Y8: 1.1279094 | Z8: 1.1706312 | AA8: 1.1609743
A14: G25B chocs recettes | B14: 2025 | C14: 2026 | D14: 2027 | E14: 2028 | F14: 2029 | G14: 2030 | H14: 2031 | I14: 2032 | J14: 2033 | K14: 2034 | L14: 2035 | M14: 2036 | N14: 2037 | O14: 2038 | P14: 2039 | Q14: 2040 | R14: 2041 | S14: 2042 | T14: 2043 | U14: 2044 | V14: 2045 | W14: 2046 | X14: 2047 | Y14: 2048 | Z14: 2049 | AA14: 2050
A15: Total des recettes publiques | D15: -0.30447927 | E15: -0.36497413 | F15: -0.42315013 | G15: -0.48078835 | H15: -0.52883419 | I15: -0.57344248 | J15: -0.61497143 | K15: -0.6521546 | L15: -0.68702299 | M15: -0.71748516 | N15: -0.74558043 | O15: -0.77190161 | P15: -0.79649308 | Q15: -0.81899987 | R15: -0.83623131 | S15: -0.85219084 | T15: -0.86677669 | U15: -0.88008481 | V15: -0.89230891 | W15: -0.89910456 | X15: -0.90529264 | Y15: -0.9108674 | Z15: -0.91589243 | AA15: -0.92034232
A16: TVA | D16: -0.077174832 | E16: -0.16003735 | F16: -0.24072504 | G16: -0.32287833 | H16: -0.395688 | I16: -0.46484047 | J16: -0.53084499 | K16: -0.59067276 | L16: -0.64832753 | M16: -0.70106931 | N16: -0.75100717 | O16: -0.79938276 | P16: -0.84624265 | Q16: -0.89048403 | R16: -0.92882023 | S16: -0.96574895 | T16: -1.0006539 | U16: -1.0340465 | V16: -1.0660294 | W16: -1.0919041 | X16: -1.1171779 | Y16: -1.141581 | Z16: -1.1655249 | AA16: -1.1884526
A17: Impôt sur le revenu | D17: -0.22730444 | E17: -0.20493677 | F17: -0.18242509 | G17: -0.15791002 | H17: -0.13314618 | I17: -0.10860201 | J17: -0.084126444 | K17: -0.061481835 | L17: -0.038695464 | M17: -0.016415852 | N17: 0.0054267483 | O17: 0.027481148 | P17: 0.049749566 | Q17: 0.071484166 | R17: 0.092588925 | S17: 0.11355811 | T17: 0.13387716 | U17: 0.15396172 | V17: 0.17372045 | W17: 0.19279955 | X17: 0.2118853 | Y17: 0.23071358 | Z17: 0.24963246 | AA17: 0.26811025

Sheet G26 G27 dat
A1: G26D solde primaire
B2: 2025 | C2: 2026 | D2: 2027 | E2: 2028 | F2: 2029 | G2: 2030 | H2: 2031 | I2: 2032 | J2: 2033 | K2: 2034 | L2: 2035 | M2: 2036 | N2: 2037 | O2: 2038 | P2: 2039 | Q2: 2040 | R2: 2041 | S2: 2042 | T2: 2043 | U2: 2044 | V2: 2045 | W2: 2046 | X2: 2047 | Y2: 2048 | Z2: 2049 | AA2: 2050
A3: Sentier équilibré | C3: -2.45865 | D3: -2.45865 | E3: -2.45865 | F3: -2.45865 | G3: -2.45865 | H3: -2.45865 | I3: -2.45865 | J3: -2.45865 | K3: -2.45865 | L3: -2.45865 | M3: -2.45865 | N3: -2.45865 | O3: -2.45865 | P3: -2.45865 | Q3: -2.45865 | R3: -2.45865 | S3: -2.45865 | T3: -2.45865 | U3: -2.45865 | V3: -2.45865 | W3: -2.45865 | X3: -2.45865 | Y3: -2.45865 | Z3: -2.45865 | AA3: -2.45865
A4: Sans bouclage | C4: -2.4610794 | D4: -2.9708919 | E4: -3.0419104 | F4: -2.9287834 | G4: -2.82467 | H4: -2.5924682 | I4: -2.4025889 | J4: -2.2164572 | K4: -2.1860167 | L4: -2.1602548 | M4: -2.1851565 | N4: -2.2346072 | O4: -2.2582787 | P4: -2.2617158 | Q4: -2.2788351 | R4: -2.2887035 | S4: -2.3018944 | T4: -2.3603964 | U4: -2.4274494 | V4: -2.504287 | W4: -2.5969018 | X4: -2.6861865 | Y4: -2.8002555 | Z4: -2.91646 | AA4: -3.0098399
A5: Avec bouclage | C5: -2.4610794 | D5: -2.918134 | E5: -2.8745943 | F5: -2.6981937 | G5: -2.5552721 | H5: -2.3301947 | I5: -2.2175114 | J5: -2.1354137 | K5: -2.1742973 | L5: -2.2164307 | M5: -2.2817425 | N5: -2.2950968 | O5: -2.2611323 | P5: -2.2156261 | Q5: -2.1839201 | R5: -2.173389 | S5: -2.1874018 | T5: -2.2639262 | U5: -2.3407615 | V5: -2.4274237 | W5: -2.5274846 | X5: -2.6031402 | Y5: -2.6936496 | Z5: -2.7741879 | AA5: -2.8516925
A7: G26A dépenses primaires
B8: 2025 | C8: 2026 | D8: 2027 | E8: 2028 | F8: 2029 | G8: 2030 | H8: 2031 | I8: 2032 | J8: 2033 | K8: 2034 | L8: 2035 | M8: 2036 | N8: 2037 | O8: 2038 | P8: 2039 | Q8: 2040 | R8: 2041 | S8: 2042 | T8: 2043 | U8: 2044 | V8: 2045 | W8: 2046 | X8: 2047 | Y8: 2048 | Z8: 2049 | AA8: 2050
A9: Sentier équilibré | C9: 54.75865 | D9: 54.75865 | E9: 54.75865 | F9: 54.75865 | G9: 54.75865 | H9: 54.75865 | I9: 54.75865 | J9: 54.75865 | K9: 54.75865 | L9: 54.75865 | M9: 54.75865 | N9: 54.75865 | O9: 54.75865 | P9: 54.75865 | Q9: 54.75865 | R9: 54.75865 | S9: 54.75865 | T9: 54.75865 | U9: 54.75865 | V9: 54.75865 | W9: 54.75865 | X9: 54.75865 | Y9: 54.75865 | Z9: 54.75865 | AA9: 54.75865
A10: Sans bouclage | C10: 54.761079 | D10: 55.066413 | E10: 55.076936 | F10: 54.905633 | G10: 54.743882 | H10: 54.463634 | I10: 54.229146 | J10: 54.001486 | K10: 53.933862 | L10: 53.873232 | M10: 53.867671 | N10: 53.889027 | O10: 53.886377 | P10: 53.865223 | Q10: 53.859835 | R10: 53.852472 | S10: 53.849704 | T10: 53.89362 | U10: 53.947365 | V10: 54.011978 | W10: 54.097797 | X10: 54.180894 | Y10: 54.289388 | Z10: 54.400568 | AA10: 54.489498
A11: Avec bouclage | C11: 54.761079 | D11: 54.966125 | E11: 54.892075 | F11: 54.663973 | G11: 54.483694 | H11: 54.23845 | I11: 54.09302 | J11: 53.968735 | K11: 53.981579 | L11: 53.99456 | M11: 54.023966 | N11: 54.011938 | O11: 53.954843 | P11: 53.879677 | Q11: 53.815359 | R11: 53.779278 | S11: 53.769116 | T11: 53.81676 | U11: 53.877322 | V11: 53.948667 | W11: 54.032022 | X11: 54.104582 | Y11: 54.191732 | Z11: 54.277494 | AA11: 54.346498
A13: G26B recettes publiques
B14: 2025 | C14: 2026 | D14: 2027 | E14: 2028 | F14: 2029 | G14: 2030 | H14: 2031 | I14: 2032 | J14: 2033 | K14: 2034 | L14: 2035 | M14: 2036 | N14: 2037 | O14: 2038 | P14: 2039 | Q14: 2040 | R14: 2041 | S14: 2042 | T14: 2043 | U14: 2044 | V14: 2045 | W14: 2046 | X14: 2047 | Y14: 2048 | Z14: 2049 | AA14: 2050
A15: Sentier équilibré | C15: 52.3 | D15: 52.3 | E15: 52.3 | F15: 52.3 | G15: 52.3 | H15: 52.3 | I15: 52.3 | J15: 52.3 | K15: 52.3 | L15: 52.3 | M15: 52.3 | N15: 52.3 | O15: 52.3 | P15: 52.3 | Q15: 52.3 | R15: 52.3 | S15: 52.3 | T15: 52.3 | U15: 52.3 | V15: 52.3 | W15: 52.3 | X15: 52.3 | Y15: 52.3 | Z15: 52.3 | AA15: 52.3
A16: Sans bouclage | C16: 52.3 | D16: 52.095521 | E16: 52.035026 | F16: 51.97685 | G16: 51.919212 | H16: 51.871166 | I16: 51.826558 | J16: 51.785029 | K16: 51.747845 | L16: 51.712977 | M16: 51.682515 | N16: 51.65442 | O16: 51.628098 | P16: 51.603507 | Q16: 51.581 | R16: 51.563769 | S16: 51.547809 | T16: 51.533223 | U16: 51.519915 | V16: 51.507691 | W16: 51.500895 | X16: 51.494707 | Y16: 51.489133 | Z16: 51.484108 | AA16: 51.479658
A17: Avec bouclage | C17: 52.3 | D17: 52.047991 | E17: 52.017481 | F17: 51.96578 | G17: 51.928422 | H17: 51.908256 | I17: 51.875509 | J17: 51.833321 | K17: 51.807282 | L17: 51.778129 | M17: 51.742224 | N17: 51.716842 | O17: 51.693711 | P17: 51.664051 | Q17: 51.631439 | R17: 51.605889 | S17: 51.581714 | T17: 51.552834 | U17: 51.53656 | V17: 51.521243 | W17: 51.504537 | X17: 51.501442 | Y17: 51.498082 | Z17: 51.503306 | AA17: 51.494806
A19: G26C PIB réel
B20: 2025 | C20: 2026 | D20: 2027 | E20: 2028 | F20: 2029 | G20: 2030 | H20: 2031 | I20: 2032 | J20: 2033 | K20: 2034 | L20: 2035 | M20: 2036 | N20: 2037 | O20: 2038 | P20: 2039 | Q20: 2040 | R20: 2041 | S20: 2042 | T20: 2043 | U20: 2044 | V20: 2045 | W20: 2046 | X20: 2047 | Y20: 2048 | Z20: 2049 | AA20: 2050
A22: Sans bouclage | C22: 0 | D22: 0 | E22: 0 | F22: 0 | G22: 0 | H22: 0 | I22: 0 | J22: 0 | K22: 0 | L22: 0 | M22: 0 | N22: 0 | O22: 0 | P22: 0 | Q22: 0 | R22: 0 | S22: 0 | T22: 0 | U22: 0 | V22: 0 | W22: 0 | X22: 0 | Y22: 0 | Z22: 0 | AA22: 0
A23: Avec bouclage | C23: 0 | D23: 0.25393136 | E23: 0.4435688 | F23: 0.54933587 | G23: 0.58495201 | H23: 0.49297504 | I23: 0.31046285 | J23: 0.10757534 | K23: -0.046204094 | L23: -0.17711767 | M23: -0.23328369 | N23: -0.16546609 | O23: -0.056831734 | P23: 0.048056313 | Q23: 0.15740652 | R23: 0.20458335 | S23: 0.21631671 | T23: 0.20817198 | U23: 0.20019383 | V23: 0.19422703 | W23: 0.20233772 | X23: 0.22960794 | Y23: 0.27316184 | Z23: 0.32336931 | AA23: 0.37042859
A25: G27A déficit public
B26: 2025 | C26: 2026 | D26: 2027 | E26: 2028 | F26: 2029 | G26: 2030 | H26: 2031 | I26: 2032 | J26: 2033 | K26: 2034 | L26: 2035 | M26: 2036 | N26: 2037 | O26: 2038 | P26: 2039 | Q26: 2040 | R26: 2041 | S26: 2042 | T26: 2043 | U26: 2044 | V26: 2045 | W26: 2046 | X26: 2047 | Y26: 2048 | Z26: 2049 | AA26: 2050
A27: Sentier équilibré | C27: 4.9973277 | D27: 5.2677163 | E27: 5.4388641 | F27: 5.4896136 | G27: 5.6058884 | H27: 5.7125015 | I27: 5.8095789 | J27: 5.889507 | K27: 6.008299 | L27: 6.124675 | M27: 6.2300504 | N27: 6.3263347 | O27: 6.4233204 | P27: 6.5210252 | Q27: 6.6087367 | R27: 6.6858049 | S27: 6.7602193 | T27: 6.8244654 | U27: 6.8854713 | V27: 6.9420018 | W27: 6.9887304 | X27: 7.0371709 | Y27: 7.0828845 | Z27: 7.1317778 | AA27: 7.174642
A28: Sans bouclage | C28: 4.9973277 | D28: 5.6486457 | E28: 5.9110119 | F28: 5.9836862 | G28: 6.0817612 | H28: 6.04218 | I28: 6.026036 | J28: 5.9989682 | K28: 6.0896248 | L28: 6.1816198 | M28: 6.3123212 | N28: 6.4590516 | O28: 6.5821827 | P28: 6.6865286 | Q28: 6.794513 | R28: 6.8849377 | S28: 6.9762772 | T28: 7.1029569 | U28: 7.2365885 | V28: 7.3773597 | W28: 7.5260476 | X28: 7.6756916 | Y28: 7.8497093 | Z28: 8.0321581 | AA28: 8.1885842
A29: Avec bouclage | C29: 4.9973277 | D29: 5.6143602 | E29: 5.7590921 | F29: 5.7531891 | G29: 5.7843701 | H29: 5.7123603 | I29: 5.7267031 | J29: 5.7638557 | K29: 5.9059799 | L29: 6.0603132 | M29: 6.2460344 | N29: 6.3940896 | O29: 6.4992592 | P29: 6.5866012 | Q29: 6.6734708 | R29: 6.7586379 | S29: 6.8569233 | T29: 7.0049108 | U29: 7.1522443 | V29: 7.3074544 | W29: 7.4727812 | X29: 7.6206245 | Y29: 7.7844035 | Z29: 7.9415382 | AA29: 8.0802391
A31: G27B Dette publique
B32: 2025 | C32: 2026 | D32: 2027 | E32: 2028 | F32: 2029 | G32: 2030 | H32: 2031 | I32: 2032 | J32: 2033 | K32: 2034 | L32: 2035 | M32: 2036 | N32: 2037 | O32: 2038 | P32: 2039 | Q32: 2040 | R32: 2041 | S32: 2042 | T32: 2043 | U32: 2044 | V32: 2045 | W32: 2046 | X32: 2047 | Y32: 2048 | Z32: 2049 | AA32: 2050
A33: Sentier équilibré | C33: 118.39007 | D33: 120.8104 | E33: 122.86732 | F33: 124.9174 | G33: 126.73953 | H33: 128.60095 | I33: 130.56443 | J33: 132.58664 | K33: 134.98611 | L33: 137.43664 | M33: 140.0318 | N33: 142.7492 | O33: 145.47977 | P33: 148.22337 | Q33: 151.098 | R33: 154.10888 | S33: 157.16574 | T33: 160.3506 | U33: 163.58501 | V33: 166.88182 | W33: 170.29812 | X33: 173.70632 | Y33: 177.15535 | Z33: 180.58112 | AA33: 184.08384
A34: Sans bouclage | C34: 118.39007 | D34: 121.19133 | E34: 123.70973 | F34: 126.23031 | G34: 128.48854 | H34: 130.6265 | I34: 132.74586 | J34: 134.81291 | K34: 137.2331 | L34: 139.67942 | M34: 142.29754 | N34: 145.08926 | O34: 147.91816 | P34: 150.76395 | Q34: 153.76035 | R34: 156.90561 | S34: 160.11132 | T34: 163.50646 | U34: 167.02013 | V34: 170.67575 | W34: 174.54815 | X34: 178.50431 | Y34: 182.61979 | Z34: 186.83163 | AA34: 191.22119
A35: Avec bouclage | C35: 118.39007 | D35: 120.95333 | E35: 123.32629 | F35: 125.73419 | G35: 127.95312 | H35: 130.16369 | I35: 132.50474 | J35: 134.84054 | K35: 137.38703 | L35: 139.9138 | M35: 142.45428 | N35: 144.89906 | O35: 147.29296 | P35: 149.7265 | Q35: 152.29654 | R35: 155.12204 | S35: 158.10462 | T35: 161.32806 | U35: 164.68009 | V35: 168.18102 | W35: 171.86132 | X35: 175.58813 | Y35: 179.43372 | Z35: 183.36859 | AA35: 187.59045

Sheet G28 dat
B1: 2000 | C1: 2001 | D1: 2002 | E1: 2003 | F1: 2004 | G1: 2005 | H1: 2006 | I1: 2007 | J1: 2008 | K1: 2009 | L1: 2010 | M1: 2011 | N1: 2012 | O1: 2013 | P1: 2014 | Q1: 2015 | R1: 2016 | S1: 2017 | T1: 2018 | U1: 2019 | V1: 2020 | W1: 2021 | X1: 2022 | Y1: 2023 | Z1: 2024 | AA1: 2025 | AB1: 2026 | AC1: 2027 | AD1: 2028 | AE1: 2029 | AF1: 2030 | AG1: 2031 | AH1: 2032 | AI1: 2033 | AJ1: 2034 | AK1: 2035 | AL1: 2036 | AM1: 2037 | AN1: 2038 | AO1: 2039 | AP1: 2040 | AQ1: 2041 | AR1: 2042 | AS1: 2043 | AT1: 2044 | AU1: 2045 | AV1: 2046 | AW1: 2047 | AX1: 2048 | AY1: 2049 | AZ1: 2050
A2: central | B2: 59.7 | C2: 59.3 | D2: 61.3 | E2: 65.4 | F2: 66.9 | G2: 68.2 | H2: 65.4 | I2: 65.5 | J2: 69.8 | K2: 84.1 | L2: 86.3 | M2: 88.7 | N2: 91.7 | O2: 94.6 | P2: 96.2 | Q2: 97 | R2: 98.2 | S2: 98.8 | T2: 98.5 | U2: 98.2 | V2: 114.9 | W2: 112.8 | X2: 111.4 | Y2: 109.5 | Z2: 112.6 | AA2: 115.7 | AB2: 118.39007 | AC2: 120.95333 | AD2: 123.32629 | AE2: 125.73419 | AF2: 127.95312 | AG2: 130.16369 | AH2: 132.50474 | AI2: 134.84054 | AJ2: 137.38703 | AK2: 139.9138 | AL2: 142.45428 | AM2: 144.89906 | AN2: 147.29296 | AO2: 149.7265 | AP2: 152.29654 | AQ2: 155.12204 | AR2: 158.10462 | AS2: 161.32806 | AT2: 164.68009 | AU2: 168.18102 | AV2: 171.86132 | AW2: 175.58813 | AX2: 179.43372 | AY2: 183.36859 | AZ2: 187.59045
A3: haute | B3: 59.7 | C3: 59.3 | D3: 61.3 | E3: 65.4 | F3: 66.9 | G3: 68.2 | H3: 65.4 | I3: 65.5 | J3: 69.8 | K3: 84.1 | L3: 86.3 | M3: 88.7 | N3: 91.7 | O3: 94.6 | P3: 96.2 | Q3: 97 | R3: 98.2 | S3: 98.8 | T3: 98.5 | U3: 98.2 | V3: 114.9 | W3: 112.8 | X3: 111.4 | Y3: 109.5 | Z3: 112.6 | AA3: 115.7 | AB3: 118.39007 | AC3: 121.0174 | AD3: 123.51354 | AE3: 126.09998 | AF3: 128.87298 | AG3: 131.7946 | AH3: 134.98036 | AI3: 138.31151 | AJ3: 141.99703 | AK3: 145.86705 | AL3: 149.9644 | AM3: 154.19935 | AN3: 158.6199 | AO3: 163.36173 | AP3: 168.44706 | AQ3: 173.58046 | AR3: 178.97915 | AS3: 184.71163 | AT3: 190.67739 | AU3: 196.90835 | AV3: 203.38821 | AW3: 209.98105 | AX3: 216.77609 | AY3: 223.71874 | AZ3: 231.04685
A4: basse | B4: 59.7 | C4: 59.3 | D4: 61.3 | E4: 65.4 | F4: 66.9 | G4: 68.2 | H4: 65.4 | I4: 65.5 | J4: 69.8 | K4: 84.1 | L4: 86.3 | M4: 88.7 | N4: 91.7 | O4: 94.6 | P4: 96.2 | Q4: 97 | R4: 98.2 | S4: 98.8 | T4: 98.5 | U4: 98.2 | V4: 114.9 | W4: 112.8 | X4: 111.4 | Y4: 109.5 | Z4: 112.6 | AA4: 115.7 | AB4: 118.39007 | AC4: 120.88925 | AD4: 123.13917 | AE4: 125.36877 | AF4: 127.13416 | AG4: 128.76688 | AH4: 130.41499 | AI4: 131.9602 | AJ4: 133.58704 | AK4: 135.04926 | AL4: 136.36392 | AM4: 137.43412 | AN4: 138.31336 | AO4: 139.08587 | AP4: 139.83572 | AQ4: 140.96184 | AR4: 142.18251 | AS4: 143.56348 | AT4: 145.02134 | AU4: 146.54477 | AV4: 148.21882 | AW4: 149.93999 | AX4: 151.76387 | AY4: 153.66417 | AZ4: 155.83971
A6: diff haute - basse | B6: =B3-B4 -> 0 | C6: =C3-C4 -> 0 | D6: =D3-D4 -> 0 | E6: =E3-E4 -> 0 | F6: =F3-F4 -> 0 | G6: =G3-G4 -> 0 | H6: =H3-H4 -> 0 | I6: =I3-I4 -> 0 | ... AZ6: =AZ3-AZ4 -> 75.207142

Sheet G29 dat
A1: G29A soldes publics | B1: 2025 | C1: 2026 | D1: 2027 | E1: 2028 | F1: 2029 | G1: 2030 | H1: 2031 | I1: 2032 | J1: 2033 | K1: 2034 | L1: 2035 | M1: 2036 | N1: 2037 | O1: 2038 | P1: 2039 | Q1: 2040 | R1: 2041 | S1: 2042 | T1: 2043 | U1: 2044 | V1: 2045 | W1: 2046 | X1: 2047 | Y1: 2048 | Z1: 2049 | AA1: 2050
A2: Impulsion budgétaire | D2: 0.87849363 | E2: 0.87849363 | F2: 0.87849363 | G2: 0.87849363 | H2: 0.87849363
A3: Solde primaire : tendanciel | B3: -2.9027526 | C3: -2.4610794 | D3: -2.918134 | E3: -2.8745943 | F3: -2.6981937 | G3: -2.5552721 | H3: -2.3301947 | I3: -2.2175114 | J3: -2.1354137 | K3: -2.1742973 | L3: -2.2164307 | M3: -2.2817425 | N3: -2.2950968 | O3: -2.2611323 | P3: -2.2156261 | Q3: -2.1839201 | R3: -2.173389 | S3: -2.1874018 | T3: -2.2639262 | U3: -2.3407615 | V3: -2.4274237 | W3: -2.5274846 | X3: -2.6031402 | Y3: -2.6936496 | Z3: -2.7741879 | AA3: -2.8516925
A4: Solde public : tendanciel | B4: -5.1 | C4: -4.9973277 | D4: -5.6143602 | E4: -5.7590921 | F4: -5.7531891 | G4: -5.7843701 | H4: -5.7123603 | I4: -5.7267031 | J4: -5.7638557 | K4: -5.9059799 | L4: -6.0603132 | M4: -6.2460344 | N4: -6.3940896 | O4: -6.4992592 | P4: -6.5866012 | Q4: -6.6734708 | R4: -6.7586379 | S4: -6.8569233 | T4: -7.0049108 | U4: -7.1522443 | V4: -7.3074544 | W4: -7.4727812 | X4: -7.6206245 | Y4: -7.7844035 | Z4: -7.9415382 | AA4: -8.0802391
A5: Solde primaire : consolidation | B5: -2.9023562 | C5: -2.4610794 | D5: -2.0923982 | E5: -1.2849232 | F5: -0.29330251 | G5: 0.68930454 | H5: 1.8 | I5: 1.9898792 | J5: 2.176011 | K5: 2.2064515 | L5: 2.2322134 | M5: 2.2073117 | N5: 2.157861 | O5: 2.1341895 | P5: 2.1307524 | Q5: 2.1136331 | R5: 2.1037647 | S5: 2.0905737 | T5: 2.0320718 | U5: 1.9650188 | V5: 1.8881812 | W5: 1.7955663 | X5: 1.7062816 | Y5: 1.5922127 | Z5: 1.4760082 | AA5: 1.3826283
A6: Solde public : consolidation | B6: -5.1 | C6: -4.9973277 | D6: -4.770152 | E6: -4.133227 | F6: -3.2832181 | G6: -2.4321032 | H6: -1.4148189 | I6: -1.2698991 | J6: -1.1085772 | K6: -1.064554 | L6: -1.0191334 | M6: -1.0120123 | N6: -1.021213 | O6: -1.0053086 | P6: -0.96912199 | Q6: -0.93861971 | R6: -0.89371338 | S6: -0.85073018 | T6: -0.84730517 | U6: -0.8528615 | V6: -0.86832886 | W6: -0.89722004 | X6: -0.92759876 | Y6: -0.98493552 | Z6: -1.0503116 | AA6: -1.0939908
A11: G29B dette publique | B11: 2025 | C11: 2026 | D11: 2027 | E11: 2028 | F11: 2029 | G11: 2030 | H11: 2031 | I11: 2032 | J11: 2033 | K11: 2034 | L11: 2035 | M11: 2036 | N11: 2037 | O11: 2038 | P11: 2039 | Q11: 2040 | R11: 2041 | S11: 2042 | T11: 2043 | U11: 2044 | V11: 2045 | W11: 2046 | X11: 2047 | Y11: 2048 | Z11: 2049 | AA11: 2050
A12: Tendanciel | B12: 115.7 | C12: 118.39007 | D12: 120.95333 | E12: 123.32629 | F12: 125.73419 | G12: 127.95312 | H12: 130.16369 | I12: 132.50474 | J12: 134.84054 | K12: 137.38703 | L12: 139.9138 | M12: 142.45428 | N12: 144.89906 | O12: 147.29296 | P12: 149.7265 | Q12: 152.29654 | R12: 155.12204 | S12: 158.10462 | T12: 161.32806 | U12: 164.68009 | V12: 168.18102 | W12: 171.86132 | X12: 175.58813 | Y12: 179.43372 | Z12: 183.36859 | AA12: 187.59045
A13: Consolidation sans bouclage | B13: 115.7 | C13: 118.39007 | D13: 120.31284 | E13: 121.07805 | F13: 120.97182 | G13: 119.73968 | H13: 117.51612 | I13: 115.27143 | J13: 112.96568 | K13: 110.95546 | L13: 108.95454 | M13: 107.08494 | N13: 105.34634 | O13: 103.62647 | P13: 101.90489 | Q13: 100.27628 | R13: 98.731128 | S13: 97.20927 | T13: 95.805427 | U13: 94.476872 | V13: 93.239959 | W13: 92.141194 | X13: 91.105309 | Y13: 90.184365 | Z13: 89.348062 | AA13: 88.625254

Sheet G30 G31 G32 G33 dat
A1: G30D solde primaire
B2: 2025 | C2: 2026 | D2: 2027 | E2: 2028 | F2: 2029 | G2: 2030 | H2: 2031 | I2: 2032 | J2: 2033 | K2: 2034 | L2: 2035 | M2: 2036 | N2: 2037 | O2: 2038 | P2: 2039 | Q2: 2040 | R2: 2041 | S2: 2042 | T2: 2043 | U2: 2044 | V2: 2045 | W2: 2046 | X2: 2047 | Y2: 2048 | Z2: 2049 | AA2: 2050
A3: Tendanciel | B3: -2.9027526 | C3: -2.4610794 | D3: -2.918134 | E3: -2.8745943 | F3: -2.6981937 | G3: -2.5552721 | H3: -2.3301947 | I3: -2.2175114 | J3: -2.1354137 | K3: -2.1742973 | L3: -2.2164307 | M3: -2.2817425 | N3: -2.2950968 | O3: -2.2611323 | P3: -2.2156261 | Q3: -2.1839201 | R3: -2.173389 | S3: -2.1874018 | T3: -2.2639262 | U3: -2.3407615 | V3: -2.4274237 | W3: -2.5274846 | X3: -2.6031402 | Y3: -2.6936496 | Z3: -2.7741879 | AA3: -2.8516925
A4: Consolidation sans bouclage macroéconomique | C4: -2.4610794 | D4: -2.0923982 | E4: -1.2849232 | F4: -0.29330251 | G4: 0.68930454 | H4: 1.8 | I4: 1.9898792 | J4: 2.176011 | K4: 2.2064515 | L4: 2.2322134 | M4: 2.2073117 | N4: 2.157861 | O4: 2.1341895 | P4: 2.1307524 | Q4: 2.1136331 | R4: 2.1037647 | S4: 2.0905737 | T4: 2.0320718 | U4: 1.9650188 | V4: 1.8881812 | W4: 1.7955663 | X4: 1.7062816 | Y4: 1.5922127 | Z4: 1.4760082 | AA4: 1.3826283
A5: Hausse des recettes | C5: -2.45865 | D5: -2.1535831 | E5: -1.5019727 | F5: -0.77170267 | G5: -0.10585951 | H5: 0.62787355 | I5: 0.5728347 | J5: 0.70961623 | K5: 0.84987801 | L5: 1.0915417 | M5: 1.4002582 | N5: 1.6867973 | O5: 1.9454425 | P5: 2.1394065 | Q5: 2.2437045 | R5: 2.2520446 | S5: 2.2359587 | T5: 2.1569577 | U5: 2.0787268 | V5: 1.9907511 | W5: 1.8892577 | X5: 1.8133366 | Y5: 1.7225391 | Z5: 1.6424488 | AA5: 1.5642152
A6: Baisse des dépenses | C6: -2.45865 | D6: -2.2962018 | E6: -1.6508379 | F6: -0.91259501 | G6: -0.22278544 | H6: 0.54455828 | I6: 0.61901646 | J6: 0.76002326 | K6: 0.89919008 | L6: 1.1232273 | M6: 1.3944665 | N6: 1.6417703 | O6: 1.8638703 | P6: 2.0299214 | Q6: 2.1190606 | R6: 2.1267067 | S6: 2.1118814 | T6: 2.0391665 | U6: 1.9671736 | V6: 1.8862161 | W6: 1.7928201 | X6: 1.7229663 | Y6: 1.6394252 | Z6: 1.5657443 | AA6: 1.4937571
A7: Croissance de la productivité : +2,7 % par an | C7: -2.4610794 | D7: -2.4952125 | E7: -2.0173671 | F7: -1.5417769 | G7: -1.1711357 | H7: -0.76660814 | I7: -0.45826897 | J7: -0.13880228 | K7: 0.054634401 | L7: 0.25426091 | M7: 0.47905304 | N7: 0.71343853 | O7: 0.8647303 | P7: 1.1049836 | Q7: 1.3033648 | R7: 1.4388572 | S7: 1.5625383 | T7: 1.6979796 | U7: 1.7426656 | V7: 1.7895914 | W7: 1.8054791 | X7: 1.9554534 | Y7: 2.0171715 | Z7: 1.9977767 | AA7: 2.0224794
A8: Taux d'emploi : 87 % en 2050 | C8: -2.4610794 | D8: -2.918134 | E8: -2.8745943 | F8: -2.6981937 | G8: -2.0474067 | H8: -1.2634023 | I8: -0.75065623 | J8: -0.26789223 | K8: 0.070022245 | L8: 0.51219549 | M8: 0.94532117 | N8: 1.4715203 | O8: 2.0210143 | P8: 2.5770027 | Q8: 3.1619099 | R8: 2.9708001 | S8: 2.8284729 | T8: 2.7867304 | U8: 2.7730236 | V8: 2.7470135 | W8: 2.7719419 | X8: 2.7410219 | Y8: 2.6636959 | Z8: 2.5540468 | AA8: 2.4017373
A10: G30A G33A dépenses primaires
B11: 2025 | C11: 2026 | D11: 2027 | E11: 2028 | F11: 2029 | G11: 2030 | H11: 2031 | I11: 2032 | J11: 2033 | K11: 2034 | L11: 2035 | M11: 2036 | N11: 2037 | O11: 2038 | P11: 2039 | Q11: 2040 | R11: 2041 | S11: 2042 | T11: 2043 | U11: 2044 | V11: 2045 | W11: 2046 | X11: 2047 | Y11: 2048 | Z11: 2049 | AA11: 2050
A12: Tendanciel, hausse des recettes sans bouclage macroéconomique | B12: 55.114341 | C12: 54.761079 | D12: 54.966125 | E12: 54.892075 | F12: 54.663973 | G12: 54.483694 | H12: 54.23845 | I12: 54.09302 | J12: 53.968735 | K12: 53.981579 | L12: 53.99456 | M12: 54.023966 | N12: 54.011938 | O12: 53.954843 | P12: 53.879677 | Q12: 53.815359 | R12: 53.779278 | S12: 53.769116 | T12: 53.81676 | U12: 53.877322 | V12: 53.948667 | W12: 54.032022 | X12: 54.104582 | Y12: 54.191732 | Z12: 54.277494 | AA12: 54.346498
A13: Baisse des dépenses sans bouclage macroéconomique | C13: 54.761079 | D13: 54.187919 | E13: 53.319949 | F13: 52.270152 | G13: 51.229907 | H13: 50.071166 | I13: 49.836678 | J13: 49.609018 | K13: 49.541394 | L13: 49.480764 | M13: 49.475203 | N13: 49.496559 | O13: 49.493909 | P13: 49.472755 | Q13: 49.467367 | R13: 49.460004 | S13: 49.457235 | T13: 49.501151 | U13: 49.554896 | V13: 49.61951 | W13: 49.705329 | X13: 49.788426 | Y13: 49.89692 | Z13: 50.008099 | AA13: 50.097029
A14: Hausse des recettes | C14: 54.75865 | D14: 54.956778 | E14: 55.018591 | F14: 54.960274 | G14: 54.970472 | H14: 54.919724 | I14: 54.940765 | J14: 54.800563 | K14: 54.724694 | L14: 54.587018 | M14: 54.419539 | N14: 54.249427 | O14: 54.073544 | P14: 53.919211 | Q14: 53.815359 | R14: 53.779278 | S14: 53.769116 | T14: 53.81676 | U14: 53.877322 | V14: 53.948667 | W14: 54.032022 | X14: 54.104582 | Y14: 54.191732 | Z14: 54.277494 | AA14: 54.346498
A15: Baisse des dépenses | C15: 54.75865 | D15: 54.279647 | E15: 53.535524 | F15: 52.674811 | G15: 51.875082 | H15: 51.009119 | I15: 50.908463 | J15: 50.750996 | K15: 50.628457 | L15: 50.433123 | M15: 50.201799 | N15: 49.988398 | O15: 49.78685 | P15: 49.619884 | Q15: 49.512378 | R15: 49.479183 | S15: 49.469833 | T15: 49.513667 | U15: 49.569386 | V15: 49.635027 | W15: 49.711717 | X15: 49.778476 | Y15: 49.858657 | Z15: 49.937562 | AA15: 50.001049
A16: Croissance de la productivité : +2,7 % par an | C16: 54.761079 | D16: 54.480981 | E16: 53.898584 | F16: 53.320178 | G16: 52.872555 | H16: 52.40933 | I16: 52.039542 | J16: 51.659138 | K16: 51.435192 | L16: 51.208218 | M16: 50.948471 | N16: 50.6913 | O16: 50.543575 | P16: 50.280602 | Q16: 50.063913 | R16: 49.932552 | S16: 49.816608 | T16: 49.669524 | U16: 49.637795 | V16: 49.603956 | W16: 49.592839 | X16: 49.41608 | Y16: 49.34647 | Z16: 49.37898 | AA16: 49.346565
A17: Taux d'emploi : 87 % en 2050 | C17: 54.761079 | D17: 54.966125 | E17: 54.892075 | F17: 54.663973 | G17: 53.930839 | H17: 53.059275 | I17: 52.475102 | J17: 51.902561 | K17: 51.500588 | L17: 50.982447 | M17: 50.48947 | N17: 49.918562 | O17: 49.344863 | P17: 48.771821 | Q17: 48.163446 | R17: 48.22649 | S17: 48.435577 | T17: 48.502991 | U17: 48.562007 | V17: 48.624631 | W17: 48.663559 | X17: 48.754402 | Y17: 48.878636 | Z17: 49.035978 | AA17: 49.215571
A19: G30B G33B recettes publiques
B20: 2025 | C20: 2026 | D20: 2027 | E20: 2028 | F20: 2029 | G20: 2030 | H20: 2031 | I20: 2032 | J20: 2033 | K20: 2034 | L20: 2035 | M20: 2036 | N20: 2037 | O20: 2038 | P20: 2039 | Q20: 2040 | R20: 2041 | S20: 2042 | T20: 2043 | U20: 2044 | V20: 2045 | W20: 2046 | X20: 2047 | Y20: 2048 | Z20: 2049 | AA20: 2050
A21: Tendanciel, baisse des dépenses sans bouclage macroéconomique | B21: 52.211985 | C21: 52.3 | D21: 52.047991 | E21: 52.017481 | F21: 51.96578 | G21: 51.928422 | H21: 51.908256 | I21: 51.875509 | J21: 51.833321 | K21: 51.807282 | L21: 51.778129 | M21: 51.742224 | N21: 51.716842 | O21: 51.693711 | P21: 51.664051 | Q21: 51.631439 | R21: 51.605889 | S21: 51.581714 | T21: 51.552834 | U21: 51.53656 | V21: 51.521243 | W21: 51.504537 | X21: 51.501442 | Y21: 51.498082 | Z21: 51.503306 | AA21: 51.494806
A22: Hausse des recettes sans bouclage macroéconomique | C22: 52.3 | D22: 52.974014 | E22: 53.792013 | F22: 54.612331 | G22: 55.433186 | H22: 56.263634 | I22: 56.219026 | J22: 56.177497 | K22: 56.140314 | L22: 56.105445 | M22: 56.074983 | N22: 56.046888 | O22: 56.020567 | P22: 55.995975 | Q22: 55.973468 | R22: 55.956237 | S22: 55.940277 | T22: 55.925691 | U22: 55.912383 | V22: 55.900159 | W22: 55.893364 | X22: 55.887176 | Y22: 55.881601 | Z22: 55.876576 | AA22: 55.872126
A23: Hausse des recettes | C23: 52.3 | D23: 52.803195 | E23: 53.516618 | F23: 54.188572 | G23: 54.864612 | H23: 55.547597 | I23: 55.5136 | J23: 55.51018 | K23: 55.574572 | L23: 55.67856 | M23: 55.819797 | N23: 55.936225 | O23: 56.018986 | P23: 56.058617 | Q23: 56.059063 | R23: 56.031323 | S23: 56.005075 | T23: 55.973717 | U23: 55.956048 | V23: 55.939418 | W23: 55.92128 | X23: 55.917919 | Y23: 55.914271 | Z23: 55.919943 | AA23: 55.910714
A24: Baisse des dépenses | C24: 52.3 | D24: 51.983446 | E24: 51.884686 | F24: 51.762216 | G24: 51.652296 | H24: 51.553677 | I24: 51.52748 | J24: 51.511019 | K24: 51.527647 | L24: 51.55635 | M24: 51.596266 | N24: 51.630168 | O24: 51.65072 | P24: 51.649805 | Q24: 51.631439 | R24: 51.605889 | S24: 51.581714 | T24: 51.552834 | U24: 51.53656 | V24: 51.521243 | W24: 51.504537 | X24: 51.501442 | Y24: 51.498082 | Z24: 51.503306 | AA24: 51.494806
A25: Croissance de la productivité : +2,7 % par an | C25: 52.3 | D25: 51.985769 | E25: 51.881217 | F25: 51.778401 | G25: 51.701419 | H25: 51.642722 | I25: 51.581273 | J25: 51.520336 | K25: 51.489826 | L25: 51.462479 | M25: 51.427524 | N25: 51.404738 | O25: 51.408305 | P25: 51.385586 | Q25: 51.367278 | R25: 51.371409 | S25: 51.379146 | T25: 51.367504 | U25: 51.38046 | V25: 51.393547 | W25: 51.398318 | X25: 51.371533 | Y25: 51.363642 | Z25: 51.376757 | AA25: 51.369044
A26: Taux d'emploi : 87 % en 2050 | C26: 52.3 | D26: 52.047991 | E26: 52.017481 | F26: 51.96578 | G26: 51.883433 | H26: 51.795872 | I26: 51.724445 | J26: 51.634669 | K26: 51.57061 | L26: 51.494642 | M26: 51.434792 | N26: 51.390082 | O26: 51.365877 | P26: 51.348824 | Q26: 51.325356 | R26: 51.19729 | S26: 51.26405 | T26: 51.289722 | U26: 51.33503 | V26: 51.371645 | W26: 51.435501 | X26: 51.495424 | Y26: 51.542332 | Z26: 51.590025 | AA26: 51.617308
A28: G30C PIB réel
B29: 2025 | C29: 2026 | D29: 2027 | E29: 2028 | F29: 2029 | G29: 2030 | H29: 2031 | I29: 2032 | J29: 2033 | K29: 2034 | L29: 2035 | M29: 2036 | N29: 2037 | O29: 2038 | P29: 2039 | Q29: 2040 | R29: 2041 | S29: 2042 | T29: 2043 | U29: 2044 | V29: 2045 | W29: 2046 | X29: 2047 | Y29: 2048 | Z29: 2049 | AA29: 2050
A31: Consolidation sans bouclage macroéconomique | B31: 0 | C31: 0 | D31: 0 | E31: 0 | F31: 0 | G31: 0 | H31: 0 | I31: 0 | J31: 0 | K31: 0 | L31: 0 | M31: 0 | N31: 0 | O31: 0 | P31: 0 | Q31: 0 | R31: 0 | S31: 0 | T31: 0 | U31: 0 | V31: 0 | W31: 0 | X31: 0 | Y31: 0 | Z31: 0 | AA31: 0
A32: Hausse des recettes | C32: 0 | D32: -0.17711435 | E32: -0.4823058 | F32: -0.85646452 | G32: -1.2671346 | H32: -1.6925293 | I32: -1.8557308 | J32: -1.8057762 | K32: -1.6017754 | L32: -1.2761843 | M32: -0.85078951 | N32: -0.51047371 | O32: -0.25523685 | P32: -0.085078951 | Q32: 0 | R32: 0 | S32: 0 | T32: 0 | U32: 0 | V32: 0 | W32: 0 | X32: 0 | Y32: 0 | Z32: 0 | AA32: 0
A33: Baisse des dépenses | C33: 0 | D33: -0.36461574 | E33: -0.84286 | F33: -1.384879 | G33: -1.9563089 | H33: -2.5328603 | I33: -2.6294857 | J33: -2.4971724 | K33: -2.185774 | L33: -1.7296544 | M33: -1.1531029 | N33: -0.69186175 | O33: -0.34593088 | P33: -0.11531029 | Q33: 0 | R33: 0 | S33: 0 | T33: 0 | U33: 0 | V33: 0 | W33: 0 | X33: 0 | Y33: 0 | Z33: 0 | AA33: 0
A34: Croissance de la productivité : +2,7 % par an | C34: 0 | D34: 2.0866727 | E34: 4.0751243 | F34: 5.998402 | G34: 7.8976106 | H34: 9.754545 | I34: 11.638332 | J34: 13.607862 | K34: 15.734207 | L34: 17.974562 | M34: 20.355901 | N34: 22.89156 | O34: 25.520705 | P34: 28.16499 | Q34: 30.852033 | R34: 33.546624 | S34: 36.26525 | T34: 38.990766 | U34: 41.788346 | V34: 44.651687 | W34: 47.577857 | X34: 50.515348 | Y34: 53.526619 | Z34: 56.610817 | AA34: 59.740249
A35: Taux d'emploi : 87 % en 2050 | C35: 0 | D35: 0.25393136 | E35: 0.4435688 | F35: 0.54933587 | G35: 1.8927054 | H35: 3.0424773 | I35: 4.0928883 | J35: 5.054158 | K35: 6.1639485 | L35: 7.3977179 | M35: 8.8276956 | N35: 10.495558 | O35: 12.255049 | P35: 14.141778 | Q35: 16.140505 | R35: 16.382634 | S35: 16.733201 | T35: 17.133794 | U35: 17.572247 | V35: 18.023002 | W35: 18.463809 | X35: 18.812041 | Y35: 19.088308 | Z35: 19.289846 | AA35: 19.401849
A37: G31A G33D déficit public
B38: 2025 | C38: 2026 | D38: 2027 | E38: 2028 | F38: 2029 | G38: 2030 | H38: 2031 | I38: 2032 | J38: 2033 | K38: 2034 | L38: 2035 | M38: 2036 | N38: 2037 | O38: 2038 | P38: 2039 | Q38: 2040 | R38: 2041 | S38: 2042 | T38: 2043 | U38: 2044 | V38: 2045 | W38: 2046 | X38: 2047 | Y38: 2048 | Z38: 2049 | AA38: 2050
A39: Tendanciel | B39: -5.1 | C39: -4.9973277 | D39: -5.6143602 | E39: -5.7590921 | F39: -5.7531891 | G39: -5.7843701 | H39: -5.7123603 | I39: -5.7267031 | J39: -5.7638557 | K39: -5.9059799 | L39: -6.0603132 | M39: -6.2460344 | N39: -6.3940896 | O39: -6.4992592 | P39: -6.5866012 | Q39: -6.6734708 | R39: -6.7586379 | S39: -6.8569233 | T39: -7.0049108 | U39: -7.1522443 | V39: -7.3074544 | W39: -7.4727812 | X39: -7.6206245 | Y39: -7.7844035 | Z39: -7.9415382 | AA39: -8.0802391
A40: Consolidation sans bouclage macroéconomique | C40: -4.9973277 | D40: -4.770152 | E40: -4.133227 | F40: -3.2832181 | G40: -2.4321032 | H40: -1.4148189 | I40: -1.2698991 | J40: -1.1085772 | K40: -1.064554 | L40: -1.0191334 | M40: -1.0120123 | N40: -1.021213 | O40: -1.0053086 | P40: -0.96912199 | Q40: -0.93861971 | R40: -0.89371338 | S40: -0.85073018 | T40: -0.84730517 | U40: -0.8528615 | V40: -0.86832886 | W40: -0.89722004 | X40: -0.92759876 | Y40: -0.98493552 | Z40: -1.0503116 | AA40: -1.0939908
A41: Hausse des recettes | C41: -4.9948982 | D41: -4.6056896 | E41: -4.1650022 | F41: -3.6014391 | G41: -3.081596 | H41: -2.4493605 | I41: -2.5329963 | J41: -2.4264874 | K41: -2.303402 | L41: -2.0836807 | M41: -1.797396 | N41: -1.5335689 | O41: -1.2904137 | P41: -1.0976009 | Q41: -0.97651069 | R41: -0.93061095 | S41: -0.89920459 | T41: -0.85240375 | U41: -0.84618316 | V41: -0.84486686 | W41: -0.8484118 | X41: -0.88677596 | Y41: -0.92846537 | Z41: -0.96468016 | AA41: -0.88971695
A42: Baisse des dépenses | C42: -4.9948982 | D42: -4.6388836 | E42: -4.0993603 | F42: -3.4281115 | G42: -2.7940928 | H42: -2.0475234 | I42: -2.0730511 | J42: -2.0585509 | K42: -2.0505946 | L42: -1.9739279 | M42: -1.8554461 | N42: -1.7169251 | O42: -1.5603616 | P42: -1.4165841 | Q42: -1.3085889 | R42: -1.1517089 | S42: -1.0283044 | T42: -0.94417993 | U42: -0.93527094 | V42: -0.93029869 | W42: -0.92890615 | X42: -0.96376668 | Y42: -1.0006664 | Z42: -1.0327216 | AA42: -0.95386891
A43: Croissance de la productivité : +2,7 % par an | C43: -4.9973277 | D43: -5.3292945 | E43: -5.1498814 | F43: -4.9334454 | G43: -4.8088476 | H43: -4.6227119 | I43: -4.5146805 | J43: -4.3814378 | K43: -4.3476608 | L43: -4.2984642 | M43: -4.2075716 | N43: -4.0791072 | O43: -4.0072373 | P43: -3.8192555 | Q43: -3.642866 | R43: -3.5028836 | S43: -3.3589125 | T43: -3.1847415 | U43: -3.0919706 | V43: -2.9908037 | W43: -2.9125724 | X43: -2.6958343 | Y43: -2.5591534 | Z43: -2.5005084 | AA43: -2.38735
A44: Taux d'emploi : 87 % en 2050 | C44: -4.9973277 | D44: -5.6143602 | E44: -5.7590921 | F44: -5.7531891 | G44: -5.3760861 | H44: -4.8109409 | I44: -4.4625441 | J44: -4.1079564 | K44: -3.8683708 | L44: -3.5332223 | M44: -3.2101103 | N44: -2.7934198 | O44: -2.3349615 | P44: -1.8455497 | Q44: -1.2819878 | R44: -1.3435302 | S44: -1.3725587 | T44: -1.3052828 | U44: -1.2143173 | V44: -1.1361656 | W44: -1.0014051 | X44: -0.91155864 | Y44: -0.86148355 | Z44: -0.84213241 | AA44: -0.85721493
A46: G31B G32C Dette publique
B47: 2025 | C47: 2026 | D47: 2027 | E47: 2028 | F47: 2029 | G47: 2030 | H47: 2031 | I47: 2032 | J47: 2033 | K47: 2034 | L47: 2035 | M47: 2036 | N47: 2037 | O47: 2038 | P47: 2039 | Q47: 2040 | R47: 2041 | S47: 2042 | T47: 2043 | U47: 2044 | V47: 2045 | W47: 2046 | X47: 2047 | Y47: 2048 | Z47: 2049 | AA47: 2050
A48: Tendanciel | B48: 115.7 | C48: 118.39007 | D48: 120.95333 | E48: 123.32629 | F48: 125.73419 | G48: 127.95312 | H48: 130.16369 | I48: 132.50474 | J48: 134.84054 | K48: 137.38703 | L48: 139.9138 | M48: 142.45428 | N48: 144.89906 | O48: 147.29296 | P48: 149.7265 | Q48: 152.29654 | R48: 155.12204 | S48: 158.10462 | T48: 161.32806 | U48: 164.68009 | V48: 168.18102 | W48: 171.86132 | X48: 175.58813 | Y48: 179.43372 | Z48: 183.36859 | AA48: 187.59045
A49: Consolidation sans bouclage | C49: 118.39007 | D49: 120.31284 | E49: 121.07805 | F49: 120.97182 | G49: 119.73968 | H49: 117.51612 | I49: 115.27143 | J49: 112.96568 | K49: 110.95546 | L49: 108.95454 | M49: 107.08494 | N49: 105.34634 | O49: 103.62647 | P49: 101.90489 | Q49: 100.27628 | R49: 98.731128 | S49: 97.20927 | T49: 95.805427 | U49: 94.476872 | V49: 93.239959 | W49: 92.141194 | X49: 91.105309 | Y49: 90.184365 | Z49: 89.348062 | AA49: 88.625254
A50: Hausse des recettes | C50: 118.38764 | D50: 119.61699 | E50: 120.18346 | F50: 120.33683 | G50: 119.86864 | H50: 118.95368 | I50: 118.65104 | J50: 118.20562 | K50: 117.71596 | L50: 116.89051 | M50: 115.67447 | N50: 114.06675 | O50: 112.1742 | P50: 110.14119 | Q50: 108.11512 | R50: 106.25359 | S50: 104.499 | T50: 102.85204 | U50: 101.27546 | V50: 99.779385 | W50: 98.377774 | X50: 97.035627 | Y50: 95.787382 | Z50: 94.613176 | AA50: 93.512073
A51: Baisse des dépenses | C51: 118.38764 | D51: 120.82613 | E51: 122.59509 | F51: 123.90093 | G51: 124.49021 | H51: 124.52369 | I51: 123.54151 | J51: 122.12034 | K51: 120.45155 | L51: 118.32193 | M51: 115.75306 | N51: 113.26166 | O51: 110.88544 | P51: 108.70291 | Q51: 106.80118 | R51: 105.19469 | S51: 103.59564 | T51: 102.06207 | U51: 100.59318 | V51: 99.198305 | W51: 97.890292 | X51: 96.636181 | Y51: 95.469098 | Z51: 94.37004 | AA51: 93.338204
A52: Croissance de la productivité : +2,7 % par an | C52: 118.39007 | D52: 119.14791 | E52: 119.44401 | F52: 119.55817 | G52: 119.30236 | H52: 118.81666 | I52: 118.06686 | J52: 117.01713 | K52: 115.92383 | L52: 114.62253 | M52: 113.16635 | N52: 111.6743 | O52: 110.20849 | P52: 108.73998 | Q52: 107.30732 | R52: 105.95318 | S52: 104.58778 | T52: 103.2457 | U52: 101.88782 | V52: 100.5265 | W52: 99.219522 | X52: 97.803826 | Y52: 96.333418 | Z52: 94.875569 | AA52: 93.540474
A53: Taux d'emploi : 87 % en 2050 | C53: 118.39007 | D53: 120.95333 | E53: 123.32629 | F53: 125.73419 | G53: 126.41223 | H53: 126.72821 | I53: 126.89652 | J53: 126.82001 | K53: 126.57571 | L53: 125.67203 | M53: 124.12756 | N53: 121.86896 | O53: 119.01734 | P53: 115.60296 | Q53: 111.82247 | R53: 109.74097 | S53: 107.68731 | T53: 105.68194 | U53: 103.64959 | V53: 101.63551 | W53: 99.66951 | X53: 97.850195 | Y53: 96.2001 | Z53: 94.713349 | AA53: 93.524226
A57: G32A chocs taux d'emploi
B58: 2025 | C58: 2026 | D58: 2027 | E58: 2028 | F58: 2029 | G58: 2030 | H58: 2031 | I58: 2032 | J58: 2033 | K58: 2034 | L58: 2035 | M58: 2036 | N58: 2037 | O58: 2038 | P58: 2039 | Q58: 2040 | R58: 2041 | S58: 2042 | T58: 2043 | U58: 2044 | V58: 2045 | W58: 2046 | X58: 2047 | Y58: 2048 | Z58: 2049 | AA58: 2050
A59: tendanciel | B59: 68.681451 | C59: 68.489355 | D59: 68.45954 | E59: 68.648195 | F59: 68.957712 | G59: 69.360847 | H59: 69.790628 | I59: 70.215782 | J59: 70.612763 | K59: 70.859099 | L59: 71.126675 | M59: 71.399184 | N59: 71.65045 | O59: 71.952046 | P59: 72.311397 | Q59: 72.576757 | R59: 72.736166 | S59: 72.85578 | T59: 72.978747 | U59: 73.100485 | V59: 73.224651 | W59: 73.368347 | X59: 73.478458 | Y59: 73.560606 | Z59: 73.569404 | AA59: 73.559475
A60: redressement | B60: 68.681451 | C60: 68.489355 | D60: 68.45954 | E60: 68.648195 | F60: 68.957712 | G60: 70.188724 | H60: 71.424079 | I60: 72.716949 | J60: 74.001242 | K60: 75.148112 | L60: 76.334538 | M60: 77.544598 | N60: 78.703193 | O60: 79.93394 | P60: 81.247216 | Q60: 82.522739 | R60: 82.703994 | S60: 82.84 | T60: 82.979818 | U60: 83.11824 | V60: 83.259421 | W60: 83.42281 | X60: 83.54801 | Y60: 83.641416 | Z60: 83.65142 | AA60: 83.64013
A62: G32B chocs productivité
B63: 2025 | C63: 2026 | D63: 2027 | E63: 2028 | F63: 2029 | G63: 2030 | H63: 2031 | I63: 2032 | J63: 2033 | K63: 2034 | L63: 2035 | M63: 2036 | N63: 2037 | O63: 2038 | P63: 2039 | Q63: 2040 | R63: 2041 | S63: 2042 | T63: 2043 | U63: 2044 | V63: 2045 | W63: 2046 | X63: 2047 | Y63: 2048 | Z63: 2049 | AA63: 2050
A64: tendanciel | B64: 0.72 | C64: 0.87 | D64: 0.85 | E64: 0.83 | F64: 0.78 | G64: 0.79 | H64: 0.79 | I64: 0.78 | J64: 0.77 | K64: 0.75 | L64: 0.75 | M64: 0.74 | N64: 0.73 | O64: 0.72 | P64: 0.71 | Q64: 0.7 | R64: 0.7 | S64: 0.7 | T64: 0.7 | U64: 0.7 | V64: 0.7 | W64: 0.7 | X64: 0.7 | Y64: 0.7 | Z64: 0.7 | AA64: 0.7
A65: redressement | B65: 0.72 | C65: 0.87 | D65: 2.8 | E65: 2.78 | F65: 2.73 | G65: 2.74 | H65: 2.74 | I65: 2.73 | J65: 2.72 | K65: 2.7 | L65: 2.7 | M65: 2.69 | N65: 2.68 | O65: 2.67 | P65: 2.66 | Q65: 2.65 | R65: 2.65 | S65: 2.65 | T65: 2.65 | U65: 2.65 | V65: 2.65 | W65: 2.65 | X65: 2.65 | Y65: 2.65 | Z65: 2.65 | AA65: 2.65
A67: G33C Taux de croissance PIB réel
B68: =[4]Fipu_Synthèse_bouclage!C$1 -> 2025 | C68: =[4]Fipu_Synthèse_bouclage!D$1 -> 2026 | D68: =[4]Fipu_Synthèse_bouclage!E$1 -> 2027 | E68: =[4]Fipu_Synthèse_bouclage!F$1 -> 2028 | F68: =[4]Fipu_Synthèse_bouclage!G$1 -> 2029 | G68: =[4]Fipu_Synthèse_bouclage!H$1 -> 2030 | H68: =[4]Fipu_Synthèse_bouclage!I$1 -> 2031 | I68: =[4]Fipu_Synthèse_bouclage!J$1 -> 2032 | ... AA68: =[4]Fipu_Synthèse_bouclage!AB$1 -> 2050
A69: Tendanciel | B69: =100*([4]Fipu_Synthèse_bouclage!C$24/[4]Fipu_Synthèse_bouclage!B$24-1) -> 0.93 | C69: =100*([4]Fipu_Synthèse_bouclage!D$24/[4]Fipu_Synthèse_bouclage!C$24-1) -> 0.7 | D69: =100*([4]Fipu_Synthèse_bouclage!E$24/[4]Fipu_Synthèse_bouclage!D$24-1) -> 1.2263945 | E69: =100*([4]Fipu_Synthèse_bouclage!F$24/[4]Fipu_Synthèse_bouclage!E$24-1) -> 1.4114648 | F69: =100*([4]Fipu_Synthèse_bouclage!G$24/[4]Fipu_Synthèse_bouclage!F$24-1) -> 1.3265846 | G69: =100*([4]Fipu_Synthèse_bouclage!H$24/[4]Fipu_Synthèse_bouclage!G$24-1) -> 1.3858997 | H69: =100*([4]Fipu_Synthèse_bouclage!I$24/[4]Fipu_Synthèse_bouclage!H$24-1) -> 1.2673143 | I69: =100*([4]Fipu_Synthèse_bouclage!J$24/[4]Fipu_Synthèse_bouclage!I$24-1) -> 1.126004 | ... AA69: =100*([4]Fipu_Synthèse_bouclage!AB$24/[4]Fipu_Synthèse_bouclage!AA$24-1) -> 0.3670577
A71: Hausse des recettes | C71: =100*([4]Fipu_cons_recettes_bouc_fadeout!D$24/[4]Fipu_cons_recettes_bouc_fadeout!C$24-1) -> 0.7 | D71: =100*([4]Fipu_cons_recettes_bouc_fadeout!E$24/[4]Fipu_cons_recettes_bouc_fadeout!D$24-1) -> 1.047108 | E71: =100*([4]Fipu_cons_recettes_bouc_fadeout!F$24/[4]Fipu_cons_recettes_bouc_fadeout!E$24-1) -> 1.1014166 | F71: =100*([4]Fipu_cons_recettes_bouc_fadeout!G$24/[4]Fipu_cons_recettes_bouc_fadeout!F$24-1) -> 0.945625 | G71: =100*([4]Fipu_cons_recettes_bouc_fadeout!H$24/[4]Fipu_cons_recettes_bouc_fadeout!G$24-1) -> 0.96594144 | H71: =100*([4]Fipu_cons_recettes_bouc_fadeout!I$24/[4]Fipu_cons_recettes_bouc_fadeout!H$24-1) -> 0.83099977 | I71: =100*([4]Fipu_cons_recettes_bouc_fadeout!J$24/[4]Fipu_cons_recettes_bouc_fadeout!I$24-1) -> 0.95812342 | J71: =100*([4]Fipu_cons_recettes_bouc_fadeout!K$24/[4]Fipu_cons_recettes_bouc_fadeout!J$24-1) -> 1.1265979 | ... AA71: =100*([4]Fipu_cons_recettes_bouc_fadeout!AB$24/[4]Fipu_cons_recettes_bouc_fadeout!AA$24-1) -> 0.3670577
A72: Baisse des dépenses | C72: =100*([4]Fipu_cons_dépenses_bouc_fadeout!D$24/[4]Fipu_cons_dépenses_bouc_fadeout!C$24-1) -> 0.7 | D72: =100*([4]Fipu_cons_dépenses_bouc_fadeout!E$24/[4]Fipu_cons_dépenses_bouc_fadeout!D$24-1) -> 0.85730712 | E72: =100*([4]Fipu_cons_dépenses_bouc_fadeout!F$24/[4]Fipu_cons_dépenses_bouc_fadeout!E$24-1) -> 0.92469548 | F72: =100*([4]Fipu_cons_dépenses_bouc_fadeout!G$24/[4]Fipu_cons_dépenses_bouc_fadeout!F$24-1) -> 0.77270693 | G72: =100*([4]Fipu_cons_dépenses_bouc_fadeout!H$24/[4]Fipu_cons_dépenses_bouc_fadeout!G$24-1) -> 0.79841445 | H72: =100*([4]Fipu_cons_dépenses_bouc_fadeout!I$24/[4]Fipu_cons_dépenses_bouc_fadeout!H$24-1) -> 0.67180615 | I72: =100*([4]Fipu_cons_dépenses_bouc_fadeout!J$24/[4]Fipu_cons_dépenses_bouc_fadeout!I$24-1) -> 1.0257513 | J72: =100*([4]Fipu_cons_dépenses_bouc_fadeout!K$24/[4]Fipu_cons_dépenses_bouc_fadeout!J$24-1) -> 1.212499 | ... AA72: =100*([4]Fipu_cons_dépenses_bouc_fadeout!AB$24/[4]Fipu_cons_dépenses_bouc_fadeout!AA$24-1) -> 0.3670577
A73: Croissance de la productivité : +2,7 % par an | C73: =100*([4]Fipu_Synthèse_cons_prod!D$24/[4]Fipu_Synthèse_cons_prod!C$24-1) -> 0.7 | D73: =100*([4]Fipu_Synthèse_cons_prod!E$24/[4]Fipu_Synthèse_cons_prod!D$24-1) -> 3.0769134 | E73: =100*([4]Fipu_Synthèse_cons_prod!F$24/[4]Fipu_Synthèse_cons_prod!E$24-1) -> 3.1915705 | F73: =100*([4]Fipu_Synthèse_cons_prod!G$24/[4]Fipu_Synthèse_cons_prod!F$24-1) -> 3.0905159 | G73: =100*([4]Fipu_Synthèse_cons_prod!H$24/[4]Fipu_Synthèse_cons_prod!G$24-1) -> 3.1659216 | H73: =100*([4]Fipu_Synthèse_cons_prod!I$24/[4]Fipu_Synthèse_cons_prod!H$24-1) -> 3.1044211 | I73: =100*([4]Fipu_Synthèse_cons_prod!J$24/[4]Fipu_Synthèse_cons_prod!I$24-1) -> 3.0488475 | J73: =100*([4]Fipu_Synthèse_cons_prod!K$24/[4]Fipu_Synthèse_cons_prod!J$24-1) -> 3.0667884 | ... AA73: =100*([4]Fipu_Synthèse_cons_prod!AB$24/[4]Fipu_Synthèse_cons_prod!AA$24-1) -> 2.3246164
A74: Taux d'emploi : 87 % en 2050 | C74: =100*([4]Fipu_Synthèse_cons_tc!D$24/[4]Fipu_Synthèse_cons_tc!C$24-1) -> 0.7 | D74: =100*([4]Fipu_Synthèse_cons_tc!E$24/[4]Fipu_Synthèse_cons_tc!D$24-1) -> 1.2263945 | E74: =100*([4]Fipu_Synthèse_cons_tc!F$24/[4]Fipu_Synthèse_cons_tc!E$24-1) -> 1.4114648 | F74: =100*([4]Fipu_Synthèse_cons_tc!G$24/[4]Fipu_Synthèse_cons_tc!F$24-1) -> 1.3265846 | G74: =100*([4]Fipu_Synthèse_cons_tc!H$24/[4]Fipu_Synthèse_cons_tc!G$24-1) -> 2.7040666 | H74: =100*([4]Fipu_Synthèse_cons_tc!I$24/[4]Fipu_Synthèse_cons_tc!H$24-1) -> 2.5037608 | I74: =100*([4]Fipu_Synthèse_cons_tc!J$24/[4]Fipu_Synthèse_cons_tc!I$24-1) -> 2.3427502 | J74: =100*([4]Fipu_Synthèse_cons_tc!K$24/[4]Fipu_Synthèse_cons_tc!J$24-1) -> 2.2152934 | ... AA74: =100*([4]Fipu_Synthèse_cons_tc!AB$24/[4]Fipu_Synthèse_cons_tc!AA$24-1) -> 0.41419147
